Workbook

Sheet MENU PLANILHA
A1: PRÓ-REITORIA DE ADMINISTRAÇÃO
A2: COORDENAÇÃO DE CONTRATOS
A4: Contratação de empresa para prestação de serviços continuados de Apoio Logístico, com regime de dedicação exclusiva de mão de obra, com fornecimento de materiais de reposição e atendimento da Universidade Federal Fluminense
A5: LOTE 1 - MÃO DE OBRA APOIO LOGÍSTICO
E15: dos Equipamentos (preenchimento licitante)

Sheet Anexo II-A Endereço
A1: PRÓ-REITORIA DE ADMINISTRAÇÃO
A2: COORDENAÇÃO DE CONTRATOS
A4: Anexo II - A - ENDEREÇO DAS UNIDADES
A5: Contratação de empresa para prestação de serviços continuados de Apoio Logístico, com regime de dedicação exclusiva de mão de obra, com fornecimento de materiais de reposição e atendimento da Universidade Federal Fluminense
A7: Item | B7: Descrição | C7: Prédio | D7: Endereço
A8: 1 | B8: Reitoria | C8: 1 | D8: Prédio Principal: 8 andares | E8: Rua Miguel de Frias, 9 - Icaraí - Niterói - RJ
C9: 2 | D9: Perícia Médica | E9: Av. Miguel de Frias, 77 - Icaraí - Niterói
B10: Campus do Valonguinho | C10: 3 | D10: Escola de Extensão, Protocolo e outros | E10: Av. Visconde do Rio Branco s/n.º, bairro Centro, Niterói - RJ
C11: 4 | D11: Biblioteca Central e DCE
C12: 5 | D12: Facu. Administração (antiga matematica)
C13: 6 | D13: Dispensário “Mazine Bueno”
C14: 7 | D14: Núcleo de Animais de Laboratório - NAL
C15: 8 | D15: LANTE
C16: 9 | D16: Faculdades de Nutrição e Administração
C17: 10 | D17: Faculdade de Odontologia
C18: 11 | D18: Pórtico de Entrada Valonguinho
B19: Complexo Instituto de Química | C19: 12 | D19: Instituto de Química | E19: Av. Visconde do Rio Branco s/n.º, bairro Centro, Niterói - RJ
C20: 13 | D20: Instituto de Química
B21: Complexo Inst. Biomédico | C21: 14 | D21: Bloco B - DST | E21: Av. Visconde do Rio Branco s/n.º, bairro Centro, Niterói - RJ
C22: 15 | D22: Bloco C - Salas de Aula
C23: 16 | D23: Bloco D - Anatômico
C24: 17 | D24: Bloco E - Pesquisas
C25: 18 | D25: Bloco A - Prédio Central | E25: Rua Professor Hernani Mello, 101 São Domingos Niterói – RJ
B26: Complexo Inst. Biologia | C26: 19 | D26: Instituto de Biologia Bloco Principal | E26: Av. Visconde do Rio Branco s/n.º, bairro Centro, Niterói - RJ
C27: 20 | D27: Instituto de Biologia Bloco Anexo
C28: 21 | D28: Prédio Salas de Aulas Biologia (Antigo Inst. Física)
B29: Campus do Gragoatá | C29: 23 | D29: Bloco D - Faculdade de Educação | E29: Av. Visconde do Rio Branco s/n.º, bairro de São Domingos, Niterói - RJ
C30: 24 | D30: Bloco E - Escola de Serviço Social
C31: 25 | D31: Bloco F - Faculdade de Economia
C32: 26 | D32: Bloco G - Instituto de Matemática e Estatística e Faculdade de Turismo
C33: 27 | D33: Bloco H - Faculdade de Turismo e Hotelaria
C34: 28 | D34: Biologia NOVO Bloco M - Gragoatá
C35: 29 | D35: Superintendência de Documentação - SDC
C36: 30 | D36: Faculdade de Educação Física - FACDEF
C37: 31 | D37: Pórtico Faculdade de Educação Física
C38: 32 | D38: Pórtico Principal Campus Gragoatá
B39: Complexo ICHF | C39: 33 | D39: Bloco N - Instituto de Ciências Humanas e Filosofia - ICHF | E39: R. Alexandre Moura, 8 - São Domingos, Niterói - RJ, 24210-200
C40: 34 | D40: Bloco O - Instituto de Ciências Humanas e Filosofia - ICHF
C41: 35 | D41: Bloco P - Instituto de Ciências Humanas e Filosofia - ICHF
B42: Complexo Instituto de Letras | C42: 36 | D42: Bloco B - Instituto de Letras | E42: R. Alexandre Moura, 8 - São Domingos, Niterói - RJ, 24210-200
C43: 37 | D43: Bloco C - Instituto de Letras
B44: Campus da Praia Vermelha | C44: 38 | D44: Escola de Arquitetura (e anexos) | E44: Rua Passo da Pátria, n.º 156, bairro São Domingos, Niterói - RJ
C45: 39 | D45: Instituto de Geociências
C46: 40 | D46: Biblioteca do Campus
C47: 41 | D47: Horto Viveiro
C48: 42 | D48: Pórtico Passos da Pátria
C49: 43 | D49: Pórtico Boa Viagem
C50: 44 | D50: Pórtico Avenida Litorânea
B51: Complexo Escola de Engenharia | C51: 45 | D51: Bloco D - Escola de Engenharia - Niterói | E51: Rua Passo da Pátria, n.º 156, bairro São Domingos, Niterói - RJ
C52: 46 | D52: Bloco E - Escola de Engenharia Niterói
B53: Complexo Instituto de Computação | C53: 47 | D53: Instituto de Computação - Laboratórios | E53: Rua Passo da Pátria, n.º 156, bairro São Domingos, Niterói - RJ
C54: 48 | D54: Instituto de Computação - Salas de Aula UFAS
C55: 49 | D55: ADDLABS
B56: Complexo Instituto de Física | C56: 50 | D56: Instituto de Física - Bloco F | E56: Rua Passo da Pátria, n.º 156, bairro São Domingos, Niterói - RJ
C57: 51 | D57: UFASA Física
B58: Complexo PROAES | C58: 52 | D58: Restaurante Universitário - Gragoatá | E58: Av. Visconde do Rio Branco s/n.º, bairro de São Domingos, Niterói - RJ
C59: 53 | D59: Restaurante Universitário - Praia Vermelha | E59: Rua Passo da Pátria, n.º 156, bairro São Domingos, Niterói - RJ
C60: 54 | D60: Restaurante Universitário - HUAP | E60: Rua Marquês de Paraná 303 - Centro, Niterói - RJ
C61: 55 | D61: Restaurante Universitário - Reitoria | E61: Rua Miguel de Frias, 9 - Icaraí - Niterói - RJ
C62: 56 | D62: Moradia Estudantil - Niterói | E62: Av. Visconde do Rio Branco s/n.º, bairro de São Domingos, Niterói - RJ
C63: 57 | D63: Moradia Estudantil - Rio das Ostras | E63: Rua Recife. Quadra 07, Jardim Bela Vista, Rio das Ostras - RJ
B64: UNIDADES ISOLADAS NITERÓI | C64: 58 | D64: Instituto de Artes e Comunicação Social - IACS | E64: Rua Lara Vilela, 126 - São Domingos, Niterói - RJ
C65: 59 | D65: Arquivo SDC - Jurujuba | E65: Av. Bento Maria da Costa, 115 A - Jurujuba, Niterói - RJ
C66: 60 | D66: CRIAA - Barreto | E66: Rua General Castrioto, 588, Barreto, Niterói - RJ
C67: 61 | D67: CAJUFF e NEPHU | E67: Almirante Teffé, 637, Centro, Niterói - RJ
C68: 62 | D68: Escola de Enfermagem | E68: Rua Dr. Celestino,78- Centro, Niterói - RJ
C69: 63 | D69: Faculdade de Medicina | E69: Rua Marquês de Paraná 303 - Centro, Niterói - RJ
C70: 64 | D70: Instituto de Saúde da Comunidade | E70: Rua Marquês de Paraná, 303 - Centro, Niterói - RJ
C71: 65 | D71: Mequinho | E71: Av. Jansem de Mello, 174/Fundos – Centro, Niterói - RJ
B72: Complexo Fac. Direito | C72: 66 | D72: Faculdade de Direito | E72: Rua Presidente Pedreira,62 - Ingá, Niterói - RJ
C73: 67 | D73: Faculdade de Direito II | E73: Rua Tiradentes, 17 - Ingá, Niterói - RJ
B74: Complexo Fac. Farmácia | C74: 68 | D74: Faculdade de Farmácia | E74: Rua Mário Viana. 523 - Santa Rosa, Niterói - RJ
C75: 69 | D75: Farmácia Universitária | E75: Rua Marquês do Paraná, 282 – Centro, Niterói - RJ
B76: Complexo COLUNI | C76: 70 | D76: Colégio Universitário Geraldo Reis - COLUNI | E76: Rua Alexandre Moura, 8 - São Domingos, Niterói - RJ
C77: 71 | D77: Creche UFF | E77: R. Alexandre Moura, 8 - São Domingos, Niterói - RJ, 24210-200
B78: Complexo PROGRAD | C78: 72 | D78: Bloco A - UFASA PROGRAD Gragoatá | E78: R. Alexandre Moura, 8 - São Domingos, Niterói - RJ, 24210-200
C79: 73 | D79: Bloco H - UFFASA PROGRAD - Praia Vermelha | E79: Rua Passo da Pátria, n.º 156, bairro São Domingos, Niterói - RJ
B80: Unidades do Interior | C80: 74 | D80: Escola de Engenharia de Petrópolis | E80: Rua Domingos Silvério, sn. Quitandinha - Petrópolis
C81: 75 | D81: Instituto de Saúde de Nova Friburgo (incluindo unidade de Fonoaudiologia) | E81: Rua Dr. Silvio Henrique Braune, 22, Centro, Nova Friburgo - RJ
C82: 76 | D82: Instituto do Noroeste Fluminense e Educação Superior | E82: Rua Chaim Elias, s/n.º, Centro, Santo Antônio de Pádua - RJ
C83: 77 | D83: Instituto de Ciência e Tecnologia - ICT | E83: Rua Recife. Quadra 07, Jardim Bela Vista, Rio das Ostras - RJ
C84: 78 | D84: Instituto de Humanidades e Saúde - IHS | E84: Rua Recife. Quadra 07, Jardim Bela Vista, Rio das Ostras - RJ
C85: 79 | D85: Serviço de Psicologia Aplicada (SPA) Rio das Ostras | E85: Rua Recife. Quadra 07, Jardim Bela Vista, Rio das Ostras - RJ
C86: 80 | D86: Pólo Univ. de Macaé (incluindo prédio novo) | E86: Av. Aluízio da Silva Gomes, 50 - Granja dos Cavaleiros - Macaé
C87: 81 | D87: Pólo Campos Goytacazes (incluindo SPA) | E87: Rua José do Patrocínio, 71 - Campos dos Goytacazes - RJ
B88: Complexo Faculdade de Veterinária | C88: 82 | D88: Faculdade de Veterinária | E88: Rua Vital Brazil Filho, 64 - Vital Brazil, Niteroi - RJ
C89: 83 | D89: Hospital Veterinário - HUVET
C90: 84 | D90: Núcleo Experimental de Iguaba | E90: Rod. Amaral Peixoto, Km 100 - Iguaba Grande - RJ
C91: 85 | D91: Fazenda Escola da Faculdade de Veterinária | E91: Rod. RJ 122, Km 32 - Funchal - Cachoeira de Macacu - RJ
B92: Complexo Volta Redonda | C92: 86 | D92: Escola de Engenharia Industrial e Metalúrgica de Volta Redonda | E92: Av. dos Trabalhadores, 420 - Volta Redonda - RJ
C93: 87 | D93: Instituto de Ciências Humanas e Sociais de VR | E93: Rua Desembargador Ellys Hermidyo Figueira 783 - Aterrado - Volta Redonda
C94: 88 | D94: Instituto de Ciências Exatas de VR | E94: Rua Desembargador Ellys Hermidyo Figueira 783 - Aterrado - Volta Redonda
B95: Complexo Angra dos Reis | C95: 89 | D95: Instituto de Educação de Angra dos Reis | E95: Av. do Trabalhador, 179 - Jacuecanga - Angra dos Reis
C96: 90 | D96: Angra dos Reis II | E96: Av. Vereador Benedito Adelino - Retiro, Angra dos Reis - RJ

Sheet Anexo II-B Salários
A1: PRÓ-REITORIA DE ADMINISTRAÇÃO
A2: COORDENAÇÃO DE CONTRATOS
A4: Anexo II - B - Composição dos salários
A5: Contratação de empresa para prestação de serviços continuados de Apoio Logístico, com regime de dedicação exclusiva de mão de obra, com fornecimento de materiais de reposição e atendimento da Universidade Federal Fluminense
A7: Item | B7: Descrição/Especificação | C7: Quantidade de Pessoal | D7: CCT RJ1171/2024 | E7: CCT RJ 00738/2024
A8: 1 | B8: Almoxarife | C8: 11 | D8: 2293.7
A9: 2 | B9: Líder de Almoxarife | C9: 1 | D9: 2293.7
A10: 3 | B10: Auxiliar de Almoxarife | C10: 19 | D10: 1709.65
A11: 4 | B11: Líder de Aux. Almoxarife | C11: 1 | D11: 1709.65
A12: 5 | B12: Copeiro | C12: 2 | D12: 1610
A13: 6 | B13: Líder de Copeiro | C13: 1 | D13: 1610
A14: 7 | B14: Auxiliar de Escriturário | C14: 19 | D14: 2304.13
A15: 8 | B15: Guardião de Piscina | C15: 1 | D15: 1610
A16: 9 | B16: Auxiliar de Mecânica | C16: 1 | D16: 1610
A17: 10 | B17: Agente Educacional | C17: 18 | D17: 1610
A18: 11 | B18: Mediador de Alunos | C18: 32 | D18: 1610
A19: 12 | B19: Cuidador de Alunos | C19: 15 | D19: 1610
A20: 13 | B20: Orientador Educacional | C20: 1 | D20: 3568.86
A21: 14 | B21: Encarregado Geral | C21: 1 | E21: 3976.85
A22: 15 | B22: Técnico em Manutenção | C22: 1 | E22: 3236.16
A23: 16 | B23: Bombeiro Hidráulico | C23: 1 | E23: 2380.35
A24: 17 | B24: Ajudante de Manutenção | C24: 1 | D24: 1610
A25: TOTAL | C25: =SUM(C8:C24) -> 126

Sheet Anexo II-C Distribuição Postos
A1: PRÓ-REITORIA DE ADMINISTRAÇÃO
A2: COORDENAÇÃO DE CONTRATOS
A4: Anexo II - A - DISTRIBUIÇÃO DOS POSTOS POR LOCALIDADE
A5: Contratação de empresa para prestação de serviços continuados de Apoio Logístico, com regime de dedicação exclusiva de mão de obra, com fornecimento de materiais de reposição e atendimento da Universidade Federal Fluminense
A7: Custo total da mão de obra (permanente)
A8: ORDEM | B8: DISCRIMINAÇÃO DO POSTO | C8: CBO | D8: QUANT POSTOS | E8: FUNCIONÁRIOS | F8: UNIDADE | G8: MUNICÍPIO
A9: 1 | B9: Almoxarife | C9: 4141-05 | D9: 5 | E9: =D9 -> 5 | F9: CMAT/AD | G9: Niterói
A10: 2 | B10: Almoxarife | C10: 4141-05 | D10: 1 | E10: =D10 -> 1 | F10: CAP/Plan | G10: Niterói
A11: 3 | B11: Almoxarife | C11: 4141-05 | D11: 1 | E11: =D11 -> 1 | F11: STI | G11: Niterói
A12: 4 | B12: Almoxarife | C12: 4141-05 | D12: 1 | E12: =D12 -> 1 | F12: CGRU/Proaes | G12: Niterói
A13: 5 | B13: Almoxarife | C13: 4141-05 | D13: 1 | E13: =D13 -> 1 | F13: CTSL/SOMA | G13: Niterói
A14: 6 | B14: Almoxarife | C14: 4141-05 | D14: 1 | E14: =D14 -> 1 | F14: CAF/Proppi | G14: Niterói
A15: 7 | B15: Almoxarife | C15: 4141-05 | D15: 1 | E15: =D15 -> 1 | F15: IEF | G15: Niterói
A16: 8 | B16: Líder de Almoxarife | C16: 4141-05 | D16: 1 | E16: =D16 -> 1 | F16: CMAT/AD | G16: Niterói
A17: 9 | B17: Auxiliar de Almoxarife | C17: 4141-05 | D17: 10 | E17: =D17 -> 10 | F17: CMA/SOMA | G17: Niterói
A18: 10 | B18: Auxiliar de Almoxarife | C18: 4141-05 | D18: 2 | E18: =D18 -> 2 | F18: CGRU/Proaes | G18: Niterói
A19: 11 | B19: Auxiliar de Almoxarife | C19: 4141-05 | D19: 2 | E19: =D19 -> 2 | F19: Coluni | G19: Niterói
A20: 12 | B20: Auxiliar de Almoxarife | C20: 4141-05 | D20: 1 | E20: 1 | F20: Proaes Rio das Ostras | G20: Rio das Ostras
A21: 13 | B21: Auxiliar de Almoxarife | C21: 4141-05 | D21: 1 | E21: 1 | F21: Proaes Angra | G21: Angra dos Reis
A22: 14 | B22: Auxiliar de Almoxarife | C22: 4141-05 | D22: 3 | E22: 3 | F22: Proad | G22: Niterói
A23: 15 | B23: Líder de Aux. Almoxarife | C23: 4141-05 | D23: 1 | E23: =D23 -> 1 | F23: CMA/SOMA | G23: Niterói
A24: 16 | B24: Copeiro | C24: 5134-25 | D24: 2 | E24: 2 | F24: Gabinete Reitor | G24: Niterói
A25: 17 | B25: Copeiro Líder | C25: 5134-25 | D25: 1 | E25: 1 | F25: Gabinete Reitor | G25: Niterói
A26: 18 | B26: Auxiliar de Escriturário | C26: 4110-05 | D26: 4 | E26: =D26 -> 4 | F26: Proger | G26: Niterói
A27: 19 | B27: Auxiliar de Escriturário | C27: 4110-05 | D27: 4 | E27: =D27 -> 4 | F27: Huvet | G27: Niterói
A28: 20 | B28: Auxiliar de Escriturário | C28: 4110-05 | D28: 3 | E28: =D28 -> 3 | F28: Eduff | G28: Niterói
A29: 21 | B29: Auxiliar de Escriturário | C29: 4110-05 | D29: 3 | E29: =D29 -> 3 | F29: CGRU/Proaes | G29: Niterói
A30: 22 | B30: Auxiliar de Escriturário | C30: 4110-05 | D30: 1 | E30: =D30 -> 1 | F30: SOMA | G30: Niterói
A31: 23 | B31: Auxiliar de Escriturário | C31: 4110-05 | D31: 4 | E31: =D31 -> 4 | F31: Proad | G31: Niterói
A32: 24 | B32: Guardião de Piscina | C32: 5171-15 | D32: 1 | E32: =D32 -> 1 | F32: IEF | G32: Niterói
A33: 25 | B33: Auxiliar de Mecânica | C33: 7250-10 | D33: 1 | E33: 1 | F33: IQ | G33: Niterói
A34: 26 | B34: Agente Educacional | C34: 5153-25 | D34: 18 | E34: 18 | F34: Coluni | G34: Niterói
A35: 27 | B35: Mediador de Alunos | C35: 5153-25 | D35: 32 | E35: 32 | F35: Coluni | G35: Niterói
A36: 28 | B36: Cuidador de Alunos | C36: 5162-20 | D36: 15 | E36: 15 | F36: Coluni e Proaes | G36: Estado RJ
A37: 29 | B37: Orientador Educacional | C37: 2394-10 | D37: 1 | E37: 1 | F37: Coluni | G37: Niterói
A38: 30 | B38: Encarregado Geral | C38: 7102-05 | D38: 1 | E38: 1 | F38: CGRU/Proaes | G38: Niterói
A39: 31 | B39: Técnico em Manutenção | C39: 3131-30 | D39: 1 | E39: 1 | F39: CGRU/Proaes | G39: Niterói
A40: 32 | B40: Bombeiro Hidráulico | C40: 7241-10 | D40: 1 | E40: 1 | F40: CGRU/Proaes | G40: Niterói
A41: 33 | B41: Ajudante de Manutenção | C41: 7170-20 | D41: 1 | E41: 1 | F41: CGRU/Proaes | G41: Niterói
A42: TOTAL | D42: =SUM(D9:D41) -> 126 | E42: =SUM(E9:E41) -> 126

Sheet Anexo III-A Equip.
A1: PRÓ-REITORIA DE ADMINISTRAÇÃO
A2: COORDENAÇÃO DE CONTRATOS
A4: Anexo III - A - PLANILHA DE COMPOSIÇÃO DE CUSTOS E FORMAÇÃO DE PREÇOS (Anexo VII da I.N. da SLTI/MPOG n.º 5 de 26/Maio/2017
A5: Contratação de empresa para prestação de serviços continuados de Apoio Logístico, com regime de dedicação exclusiva de mão de obra, com fornecimento de materiais de reposição e atendimento da Universidade Federal Fluminense
A7: Disponibilização de Equipamentos para os postos de Almoxarife
A8: Item | B8: Descrição | D8: Qnt | E8: Valor unitário | F8: Valor Total
A9: 1 | B9: Contratação de serviço para controle de ponto eletrônico, através de software, a ser instalado em computador convencional, sem necessidade de relógio físico específico, com as seguintes especificações mínimas: software de controle de ponto eletrônico, com suporte mínimo a 30 (trinta) colaboradores, controle biométrico, com solução de gestão e controle da jornada, notificações de atrasos, horas extras, alerta de suspeita de fraudes, bloqueio da batida em razão de férias, licença ou desligamento, com custódia dos arquivos de ponto em servidores na nuvem, apto à instalação em aparelho de computação com suporte ao sistema operacional Windows e celulares com sistema android e ios. Incluso treinamento, configuração e suporte. | D9: 1 | E9: 2155.67 | F9: =E9*D9 -> 2155.67
A10: Total da Solução | F10: =SUM(F9:F9) -> 2155.67
A11: Total dos equipamentos por mês posto Auxiliar de Mecânica | F11: =F10/12 -> 179.63917

Sheet Anexo III-B Uniformes
A1: PRÓ-REITORIA DE ADMINISTRAÇÃO
A2: COORDENAÇÃO DE CONTRATOS
A4: Anexo III - B - PLANILHA DE COMPOSIÇÃO DE CUSTOS E FORMAÇÃO DE PREÇOS
A5: Contratação de empresa para prestação de serviços continuados de Apoio Logístico, com regime de dedicação exclusiva de mão de obra, com fornecimento de materiais de reposição e atendimento da Universidade Federal Fluminense
A8: COMPOSIÇÃO DE CUSTO DE UNIFORME PARA OS CARGOS DE AUXILIAR DE ALMOXARIFE E LÍDER AUXILIAR ALMOXARIFE (ITEM 3 E 4)
A9: ITEM | B9: DISCRIMINAÇÃO UNIFORME | C9: QUANT. ANUAL POR FUNCIONÁRIO | D9: VALOR UNITÁRIO | E9: VALOR TOTAL
A10: 1 | B10: Jalecos: operacional tradicional, em tecido Oxford, manga longa com dois bolsos inferiores, gola e manga com bico, com logomarca; | C10: 2 | D10: 44.2 | E10: =D10*C10 -> 88.4
A11: 2 | B11: Blusas/camisetas: operacional tradicional, em tecido de algodão, na cor azul manga curta, com destaque nas costas escrito A SERVIÇO DA UFF, e brasão/emblema da contratada. | C11: 4 | D11: 33.57 | E11: =D11*C11 -> 134.28
A12: 3 | B12: Calças: operacional tradicional, em tecido Oxford, com elástico e cordão, um bolso traseiro e dois dianteiros. | C12: 4 | D12: 39.66 | E12: =D12*C12 -> 158.64
A13: 4 | B13: Meias: meia adulto, em tecido poliéster na cor preta. | C13: 8 | D13: 9.64 | E13: =D13*C13 -> 77.12
A14: 5 | B14: Luva de vaqueta de couro mista, cano curto (PAR) | C14: 4 | D14: 16.96 | E14: =D14*C14 -> 67.84
A15: 6 | B15: Crachá funcional, em pvc, com foto, nome e cargo. | C15: 1 | D15: 8.96 | E15: =D15*C15 -> 8.96
A16: 7 | B16: Sapatos: operacional tradicional, fechado, cor preta, solado antiderrapante | C16: 2 | D16: 45.74 | E16: =D16*C16 -> 91.48
A17: Valor anual por funcionário | E17: =SUM(E10:E16) -> 626.72
A18: Valor mensal por funcionário | E18: =E17/12 -> 52.226667
A19: Obs.: Quantidade estimada por ano, sendo 1 conjunto composto de 1 jaleco, 2 blusas, 2 calças, 2 pares de luvas, 4 pares de meia e 1 sapato entregue na admissão e outro após 6 meses, ou quando apresentarem defeito ou desgastes, independente do prazo mínimo estabelecido, conforme Cláusula 53ª da CCT.
A21: COMPOSIÇÃO DE CUSTO DE UNIFORME PARA OS CARGOS DE COPEIRO
A22: ITEM | B22: DISCRIMINAÇÃO UNIFORME | C22: QUANT. ANUAL POR FUNCIONÁRIO | D22: VALOR UNITÁRIO | E22: VALOR TOTAL
A23: 1 | B23: Calça comprida com zíper de gabardine ou microfibra. | C23: 4 | D23: 42.6 | E23: =D23*C23 -> 170.4
A24: 2 | B24: Blusa tipo camisa com botões, em gabardine ou microfibra e emblema da empresa no lado esquerdo superior, manga curta. | C24: 4 | D24: 65.57 | E24: =D24*C24 -> 262.28
A25: 3 | B25: Touca de filó com aba (Pacote com 100 Unid) | C25: 4 | D25: 10.72 | E25: =D25*C25 -> 42.88
A26: 4 | B26: Meia social (longa) | C26: 4 | D26: 22.92 | E26: =D26*C26 -> 91.68
A27: 5 | B27: Calçado em couro, tipo mocassim, fechado, salto de até 3 cm ou sapatilha em couro, antiderrapantes. | C27: 4 | D27: 53.68 | E27: =D27*C27 -> 214.72
A28: 6 | B28: Crachá funcional, em pvc, com foto, nome e cargo. | C28: 1 | D28: 8.96 | E28: =D28*C28 -> 8.96
A29: 7 | B29: Avental, em oxford ou tergal, com amarras dos lados. | C29: 4 | D29: 20.62 | E29: =D29*C29 -> 82.48
A30: Valor anual por funcionário | E30: =SUM(E23:E29) -> 873.4
A31: Valor mensal por funcionário | E31: =E30/12 -> 72.783333
A32: Obs.: Quantidade estimada por ano, sendo 1 conjunto composto de 2 blusas, 2 calças, 2 toucas, 2 pares de meia, 2 calçados e 2 aventais entregue na admissão e outro após 6 meses, ou quando apresentarem defeito ou desgastes, independente do prazo mínimo estabelecido, conforme Cláusula 53ª da CCT.
A34: COMPOSIÇÃO DE CUSTO DE UNIFORME PARA OS CARGOS DE GUARDIÃO DE PISCINA
A35: ITEM | B35: DISCRIMINAÇÃO UNIFORME | C35: QUANT. ANUAL POR FUNCIONÁRIO | D35: VALOR UNITÁRIO | E35: VALOR TOTAL
A36: 1 | B36: REGATA GUARDA-VIDAS - ESTAMPADA NAS COSTAS E BORDADO NA FRENTE - TECIDO KACHARREL. | C36: 4 | D36: 21.82 | E36: =D36*C36 -> 87.28
A37: 2 | B37: Boné Bordado Tecido Ripstop vermelho c/ bordado guarda-vidas. | C37: 2 | D37: 26.25 | E37: =D37*C37 -> 52.5
A38: 3 | B38: Sunga c/ bordado PET guarda- vidas. Possui modelagem slip e cós elástico. Material: Poliamida Composição: 84% Poliamida e 16% elastano. Cor: Vermelho | C38: 2 | D38: 24.96 | E38: =D38*C38 -> 49.92
A39: 4 | B39: Crachá funcional, em pvc, com foto, nome e cargo. | C39: 1 | D39: 8.96 | E39: =D39*C39 -> 8.96
A40: 5 | B40: Short Guarda-Vidas, na cor vermelha. Tecido: Dry- Fit Bordado: Guarda vidas e seu brasão. Elástico e Cordão para melhor ajuste. | C40: 4 | D40: 18.5 | E40: =D40*C40 -> 74
A41: Valor anual por funcionário | E41: =SUM(E36:E40) -> 272.66
A42: Valor mensal por funcionário | E42: =E41/12 -> 22.721667
A43: Obs.: Quantidade estimada por ano, sendo 1 conjunto composto de 2 regatas, 1 boné, 1 sunga e 2 shorts entregue na admissão e outro após 6 meses, ou quando apresentarem defeito ou desgastes, independente do prazo mínimo estabelecido, conforme Cláusula 53ª da CCT.
A45: COMPOSIÇÃO DE CUSTO DE UNIFORME PARA OS CARGOS DE AGENTE EDUCACIONAL, MEDIADOR DE ALUNOS, CUIDADOR DE ALUNOS, Profissional Apoio Escolar na Educação Inclusiva
A46: ITEM | B46: DISCRIMINAÇÃO UNIFORME | C46: QUANT. ANUAL POR FUNCIONÁRIO | D46: VALOR UNITÁRIO | E46: VALOR TOTAL
A47: 1 | B47: Crachá funcional, em pvc, com foto, nome e cargo. | C47: 1 | D47: 8.96 | E47: =D47*C47 -> 8.96
A48: 2 | B48: Camiseta gola pólo em tecido 100% algodão, na cor branca, com destaque nas costas escrito A SERVIÇO DA UFF, e brasão/emblema da contratada. | C48: 4 | D48: 49.17 | E48: =D48*C48 -> 196.68
A49: Valor anual por funcionário | E49: =SUM(E47:E48) -> 205.64
A50: Valor mensal por funcionário | E50: =E49/12 -> 17.136667
A51: Obs.: Quantidade estimada por ano, sendo 2 camisetas entregues na admissão e outras 2 após 6 meses, ou quando apresentarem defeito ou desgastes, independente do prazo mínimo estabelecido, conforme decisão Administrativa e Cláusula 53ª da CCT.
A53: COMPOSIÇÃO DE CUSTO DE UNIFORME PARA OS CARGOS DE AUX. MECÂNICA, AUX. ESCRITURÁRIO, ALMOXARIFE e LÍDER ALMOXARIFE
A54: ITEM | B54: DISCRIMINAÇÃO UNIFORME | C54: QUANT. ANUAL POR FUNCIONÁRIO | D54: VALOR UNITÁRIO | E54: VALOR TOTAL
A55: 1 | B55: Crachá funcional, em pvc, com foto, nome e cargo. | C55: 1 | D55: 8.96 | E55: =D55*C55 -> 8.96
A56: Valor anual por funcionário | E56: =SUM(E55:E55) -> 8.96
A57: Valor mensal por funcionário | E57: =E56/12 -> 0.74666667
A59: COMPOSIÇÃO DE CUSTO DE UNIFORME PARA TODOS OS POSTOS DE ENCARREGADO E TÉCNICO DE MANUTENÇÃO
A60: ITEM | B60: DISCRIMINAÇÃO UNIFORME | C60: ITEM | D60: QUANT.INICIAL | E60: QT. SEMESTRE | F60: QUANT. ANUAL | G60: VALOR UNITÁRIO | H60: VALOR TOTAL
A61: 1 | B61: Calça comprida, material brim, modelo unissex, com elástico e cordão na cintura, 2 bolsos laterais e 2 traseiros | C61: unid. | D61: 3 | E61: 3 | F61: 6 | G61: 40.86 | H61: =G61*F61 -> 245.16
B62: Camiseta, material 100% algodão, tipo manga curta, gola redonda, identificada com logomarca da empresa os dizeres A SERVIÇO DA UFF | C62: unid. | D62: 3 | E62: 3 | F62: 6 | G62: 19.42 | H62: =G62*F62 -> 116.52
B63: Capa de chuva plástica, com faixas fluorescentes, material pvc, uso profissional. | C63: unid. | D63: 1 | E63: 1 | F63: 2 | G63: 17.33 | H63: =G63*F63 -> 34.66
B64: Crachá funcional, em pvc, com foto, nome e cargo. | C64: unid. | D64: 1 | E64: 0 | F64: 1 | G64: 4.11 | H64: =G64*F64 -> 4.11
A65: 2 | B65: Jaleco profissional em brim leve, manga curta, fechamento com botões, com um bolso frontal, gola esporte e com logomarca da empresa. | C65: unid. | D65: 2 | E65: 2 | F65: 4 | G65: 51.6 | H65: =G65*F65 -> 206.4
B66: Par de meia, mínimo de 70% algodão, cano médio | C66: unid. | D66: 5 | E66: 5 | F66: 10 | G66: 10.55 | H66: =G66*F66 -> 105.5
B67: Boné com proteção de pescoço | C67: unid. | D67: 1 | E67: 0 | F67: 1 | G67: 9.87 | H67: =G67*F67 -> 9.87
B68: Bota de Segurança para eletricista confeccionada em couro, sem componentes metálicos, com biqueira de composite e solado em PU bidensidade injetado | C68: unid. | D68: 1 | E68: 0 | F68: 1 | G68: 122.31 | H68: =G68*F68 -> 122.31
B69: Capacete de segurança classe B aba total , com jugular (UN) | C69: unid. | D69: 1 | E69: 0 | F69: 1 | G69: 32.33 | H69: =G69*F69 -> 32.33
B70: Cinto de segurança, tipo PQD, com regulagem de cintura, coxas e suspensório e com 3 argolas (UN) | C70: unid. | D70: 1 | E70: 0 | F70: 1 | G70: 154.55 | H70: =G70*F70 -> 154.55
B71: Luva de algodão tricotada pigmentada (PAR) | C71: unid. | D71: 2 | E71: 1 | F71: 3 | G71: 2.59 | H71: =G71*F71 -> 7.77
B72: Luva de segurança de tipo cobertura, em vaqueta e raspa (PAR) | C72: unid. | D72: 1 | E72: 0 | F72: 1 | G72: 10.41 | H72: =G72*F72 -> 10.41
B73: Luva isolante para eletricista, classe 0, máxima tensão de uso 1.000V (PAR) | C73: unid. | D73: 1 | E73: 0 | F73: 1 | G73: 215.33 | H73: =G73*F73 -> 215.33
B74: Óculos de segurança incolor para proteção dos olhos contra impactos de partículas volantes e contra raios ultravioletas | C74: unid. | D74: 1 | E74: 0 | F74: 1 | G74: 3.06 | H74: =G74*F74 -> 3.06
B75: Protetor auditivo do tipo inserção pré-moldado, de silicone com cordão | C75: unid. | D75: 1 | E75: 0 | F75: 1 | G75: 0.89 | H75: =G75*F75 -> 0.89
B76: Protetor Facial contra arco elétrico para uso em conjunto com o capacete de segurança, classe B, tipo II | C76: unid. | D76: 1 | E76: 0 | F76: 1 | G76: 20.75 | H76: =G76*F76 -> 20.75
B77: Talabarte duplo para cinto de segurança com elástico e absorvedor de energia (UN) | C77: unid. | D77: 1 | E77: 0 | F77: 1 | G77: 125.2 | H77: =G77*F77 -> 125.2
B78: Trava queda para corda até 12mm (UN) | C78: unid. | D78: 1 | E78: 0 | F78: 1 | G78: 123.33 | H78: =G78*F78 -> 123.33
B79: Valor anual por funcionário | H79: =SUM(H61:H78) -> 1538.15
B80: Valor mensal por funcionário | H80: =H79/12 -> 128.17917
A83: COMPOSIÇÃO DE CUSTO DE UNIFORME PARA TODOS OS POSTOS DE AJUDANTE
A84: ITEM | B84: DISCRIMINAÇÃO UNIFORME | C84: ITEM | D84: QUANT.INICIAL | E84: QT. SEMESTRE | F84: QUANT. ANUAL | G84: VALOR UNITÁRIO | H84: VALOR TOTAL
A85: 1 | B85: Camiseta Golo Polo Branco, 100% algodão, com emblema da empresa fixado no bolso, e a Informação A SERVIÇO DA UFF, na parte de trás | C85: unid. | D85: 3 | E85: 3 | F85: 6 | G85: 40.86 | H85: =G85*F85 -> 245.16
A86: 2 | B86: Calça comprida, material brim, modelo unissex, com elástico e cordão na cintura, 2 bolsos laterais e 2 traseiros | C86: unid. | D86: 3 | E86: 3 | F86: 6 | G86: 19.42 | H86: =G86*F86 -> 116.52
A87: 3 | B87: Par de meia, mínimo de 70% algodão, cano médio | C87: par | D87: 5 | E87: 5 | F87: 10 | G87: 17.33 | H87: =G87*F87 -> 173.3
A88: 4 | B88: Capa de chuva plástica, com faixas fluorescentes, material pvc, uso profissional. | C88: unid. | D88: 1 | E88: 0 | F88: 1 | G88: 4.11 | H88: =G88*F88 -> 4.11
A89: 5 | B89: Jaleco profissional em brim leve, manga curta, fechamento com botões, com um bolso frontal, gola esporte e com logomarca da empresa. | C89: unid. | D89: 1 | E89: 0 | F89: 4 | G89: 51.6 | H89: =G89*F89 -> 206.4
A90: 6 | B90: Crachá com cordão e fototransparente. | C90: unid. | D90: 1 | E90: 0 | F90: 1 | G90: 10.55 | H90: =G90*F90 -> 10.55
A91: 7 | B91: Avental de raspa (UN) | C91: unid. | D91: 1 | E91: 0 | F91: 1 | G91: 29.87 | H91: =G91*F91 -> 29.87
A92: 8 | B92: Boné com proteção de pescoço | C92: unid. | D92: 1 | E92: 0 | F92: 1 | G92: 9.87 | H92: =G92*F92 -> 9.87
A93: 9 | B93: Bota de PVC cano longo (PAR) | C93: unid. | D93: 1 | E93: 0 | F93: 1 | G93: 33.51 | H93: =G93*F93 -> 33.51
A94: 10 | B94: Botina de segurança com elástico coberto, cabedal confeccionado em couro curtido ao cromo, com forração em sintético, solado de PU, Bi densidade, injetado diretamente ao cabedal. Marca Marluvas ou similar. (PAR) | C94: unid. | D94: 1 | E94: 0 | F94: 1 | G94: 36.9 | H94: =G94*F94 -> 36.9
A95: 11 | B95: Capacete de segurança classe A, com jugular (UN) | C95: unid. | D95: 1 | E95: 0 | F95: 1 | G95: 41.63 | H95: =G95*F95 -> 41.63
A96: 12 | B96: Cinto de segurança, tipo PQD, com regulagem de cintura, coxas e suspensório e com 3 argolas (UN) | C96: unid. | D96: 1 | E96: 0 | F96: 1 | G96: 154.55 | H96: =G96*F96 -> 154.55
... A111: 27 | B111: Trava queda para corda até 12mm (UN) | C111: unid. | D111: 1 | E111: 0 | F111: 1 | G111: 123.33 | H111: =G111*F111 -> 123.33
B112: Valor anual por funcionário | H112: =SUM(H85:H111) -> 1851.35
B113: Valor mensal por funcionário | H113: =H112/12 -> 154.27917
A115: 1. UNIFORME: BOMBEIRO HIDRÁULICO
A116: Item | B116: Descrição | C116: Quantidade Anual | D116: Unidade | E116: Custo | G116: Conjunto de uniforme
E117: Unitário | F117: Total Anual por Funcionário
A118: 1.1 | B118: Calça comprida, material brim, modelo unissex, com elástico e cordão na cintura, 2 bolsos laterais e 2 traseiros | C118: 6 | D118: unid. | E118: 40.86 | F118: =E118*C118 -> 245.16 | G118: Cada conjunto de uniforme será composto por: 3 calças, 3 camisetas, 5 pares de meia, 1 capa de chuva, 2 jalecos e 1 crachá.
A119: 1.2 | B119: Camiseta, material 100% algodão, tipo manga curta, gola redonda, identificada com logomarca da empresa os dizeres A SERVIÇO DA UFF | C119: 6 | D119: unid. | E119: 19.42 | F119: =E119*C119 -> 116.52
A120: 1.3 | B120: Capa de chuva plástica, com faixas fluorescentes, material pvc, uso profissional. | C120: 2 | D120: unid. | E120: 17.33 | F120: =E120*C120 -> 34.66
A121: 1.4 | B121: Crachá funcional, em pvc, com foto, nome e cargo. | C121: 1 | D121: unid. | E121: 4.11 | F121: =E121*C121 -> 4.11
A122: 1.5 | B122: Jaleco profissional em brim leve, manga curta, fechamento com botões, com um bolso frontal, gola esporte e com logomarca da empresa. | C122: 4 | D122: unid. | E122: 51.6 | F122: =E122*C122 -> 206.4
A123: 1.6 | B123: Par de meia, mínimo de 70% algodão, cano médio | C123: 10 | D123: par | E123: 10.55 | F123: =E123*C123 -> 105.5
A124: Custo Anual por Funcionário | F124: =SUM(F118:F123) -> 712.35
A125: Custo Mensal com Uniforme por Funcionário | F125: =F124/12 -> 59.3625
...

Sheet Anexo III-C Materiais
A1: PRÓ-REITORIA DE ADMINISTRAÇÃO
A2: COORDENAÇÃO DE CONTRATOS
A4: Anexo III - C - PLANILHA DE COMPOSIÇÃO DE CUSTOS E FORMAÇÃO DE PREÇOS (Anexo VII da I.N. da SLTI/MPOG n.º 5 de 26/Maio/2017
A5: Contratação de empresa para prestação de serviços continuados de Apoio Logístico, com regime de dedicação exclusiva de mão de obra, com fornecimento de materiais de reposição e atendimento da Universidade Federal Fluminense
A7: COMPOSIÇÃO DE CUSTO DE MATERIAL -COPEIRO
A8: Quantitativo mensal máximo a ser fornecido por posto
A9: ITEM | B9: DISCRIMINAÇÃO | C9: QUANT. | D9: UNIDADE | E9: VALOR UNITÁRIO | F9: PARCIAL MENSAL
A10: 1 | B10: Esponja antibactéria para limpeza, dupla face formato retangular (bucha) | C10: 1 | D10: pct 4 und | E10: 6.48 | F10: =E10*C10 -> 6.48
A11: 2 | B11: Detergente líquido neutro, desengordurante garrafa com 500 ml | C11: 6 | D11: unid. | E11: 3.93 | F11: =E11*C11 -> 23.58
A12: 3 | B12: Pano para limpeza multiuso com furos 60x33 cm | C12: 2 | D12: pct 5 und | E12: 5.1 | F12: =E12*C12 -> 10.2
A13: 4 | B13: PANO LIMPEZA, MATERIAL MICROFIBRA. COMPRIMENTO 60 CM LARGURA 40 CM CARACTERÍSTICAS ADICIONAIS ALTO GRAU ABSORÇÃO APLICAÇÃO USO GERAL TIPO TOALHA | C13: 4 | D13: unid. | E13: 10.2 | F13: =E13*C13 -> 40.8
A14: 5 | B14: Saco de lixo de plástico reforçado com alça preto, com capacidade de 100 litros. | C14: 1 | D14: pct 100 unid | E14: 29.29 | F14: =E14*C14 -> 29.29
A15: 7 | B15: Saco alvejado para limpeza de chão 90% algodão - pano de chão 42 x 72 cm | C15: 2 | D15: unid. | E15: 7.03 | F15: =E15*C15 -> 14.06
A16: 9 | B16: Alcool líquido 70º INPM com 1 litro | C16: 2 | D16: unid. | E16: 4.47 | F16: =E16*C16 -> 8.94
A17: 10 | B17: Coador de café de flanela 100% de algodão, com cabo de madeira, aro de metal, arame galvanizado, diâmetro de 130 mm - Coador para maquina indristrial de café tamanho M | C17: 2 | D17: unid. | E17: 10.96 | F17: =E17*C17 -> 21.92
A18: 11 | B18: Desinfetante pinho para limpar e desinfetar o ambiente, em recipiente de 500 ml | C18: 2 | D18: unid. | E18: 7.05 | F18: =E18*C18 -> 14.1
A19: 13 | B19: Sabão de côco em barra de 200 g | C19: 1 | D19: pct 5 und | E19: 8.19 | F19: =E19*C19 -> 8.19
A20: 14 | B20: Guardanapos de papel 33 x 30 mm, pacote com 50 unidades | C20: 10 | D20: pacote | E20: 3.25 | F20: =E20*C20 -> 32.5
A21: 15 | B21: Copo de plástico descartável para água de 200 ml, pacote com 100 unidades | C21: 5 | D21: pacote | E21: 4.48 | F21: =E21*C21 -> 22.4
... A25: 19 | B25: Adoçante, tipo sucralose, com bico dosador (100ml). | C25: 1 | D25: frasco 100 ml | E25: 9.58 | F25: =E25*C25 -> 9.58
A26: Valor total mensal por funcionário | F26: =SUM(F10:F25) -> 766.03
A27: Valor total anual | F27: =12*F26 -> 9192.36
A28: Valor total mensal por funcionário Líder de Copeiro | F28: =F26 -> 766.03
A30: COMPOSIÇÃO DE CUSTO DE MATERIAL -ENCARREGADO GERAL
A31: Quantitativo mensal máximo a ser fornecido por posto
A32: ITEM | B32: DISCRIMINAÇÃO | C32: QUANT. | D32: UNIDADE | E32: VALOR UNITÁRIO | F32: PARCIAL MENSAL
A33: 1 | B33: Verba para aquisição de materiais de consumo para manutenção, como fio, termostatos, capacitores, fitas, canos, ferramentas e outros. VALOR FIXO, NÃO DEVE SER REDUZIDO SOB PENA DE RECUSA DA PROPOSTA. Conforme TR o valor só será pago pela UFF, se comprovado o abastecimento mensal. | C33: 1 | D33: unid | E33: 1500 | F33: =E33*C33 -> 1500
A34: Valor total mensal por funcionário | F34: =SUM(F33:F33) -> 1500
A35: Valor total anual | F35: =12*F34 -> 18000
A36: Valor total mensal por funcionário Encarregado Geral | F36: =F34 -> 1500

Sheet An IV A Custo G1
A1: PRÓ-REITORIA DE ADMINISTRAÇÃO
A2: COORDENAÇÃO DE CONTRATOS
A4: Anexo IV-A - FORMAÇÃO CUSTOS POSTOS GRUPO 1
A5: Contratação de empresa para prestação de serviços continuados de Apoio Logístico, com regime de dedicação exclusiva de mão de obra, com fornecimento de materiais de reposição e atendimento da Universidade Federal Fluminense
A6: MÃO-DE-OBRA VINCULADA À EXECUÇÃO CONTRATUAL
A7: Dados para composição dos custos referentes a mão de obra
A8: Regime tributário da Licitante | C8: Documento Comprobatório *Anexar Comprovante
A11: ACT/CCT/DCT inclusive aditivos se houver
A12: Entidade Sindical da Empresa
A13: Entidade Sindical dos Empregados
A14: Número de Registro
A15: Início Vigência
A16: Fim Vigência
A18: Descrição Cargos
A19: Dias/Mês | B19: Posto | C19: CBO | D19: Salário
A20: 20.88 | B20: Almoxarife | C20: 4141-05 | D20: ='Anexo II-B Salários'!D8 -> 2293.7
A21: 20.88 | B21: Líder de Almoxarife | C21: 4141-05 | D21: ='Anexo II-B Salários'!D9 -> 2293.7
A22: 20.88 | B22: Auxiliar de Almoxarife | C22: 4141-05 | D22: ='Anexo II-B Salários'!D10 -> 1709.65
A23: 20.88 | B23: Líder de Aux. Almoxarife | C23: 4141-05 | D23: ='Anexo II-B Salários'!D11 -> 1709.65
A24: 20.88 | B24: Copeiro | C24: 5134-25 | D24: ='Anexo II-B Salários'!D12 -> 1610
A25: 20.88 | B25: Líder de Copeiro | C25: 5134-25 | D25: 1610
A26: 20.88 | B26: Auxiliar de Escriturário | C26: 4110-05 | D26: ='Anexo II-B Salários'!D14 -> 2304.13
A28: MÓDULO 1 : COMPOSIÇÃO DA REMUNERAÇÃO | D28: Almoxarife | E28: Líder de Almoxarife | F28: Auxiliar de Almoxarife | G28: Líder de Aux. Almoxarife | H28: Copeiro | I28: Líder de Copeiro | J28: Auxiliar de Escriturário
A29: 1 | B29: Composição da Remuneração | D29: Valor(R$) | E29: Valor(R$) | F29: Valor(R$) | G29: Valor(R$) | H29: Valor(R$) | I29: Valor(R$) | J29: Valor(R$)
A30: A | B30: Salário Base | D30: =D20 -> 2293.7 | E30: =D21 -> 2293.7 | F30: =D22 -> 1709.65 | G30: =D23 -> 1709.65 | H30: =D24 -> 1610 | I30: =D25 -> 1610 | J30: =D26 -> 2304.13
A31: B | B31: Adicional de Periculosidade
A32: C | B32: Adicional de Insalubridade (20% Grau médio NR 15)
A33: D | B33: Adicional Noturno
A34: E | B34: Adicional de Hora Noturna Reduzida
A35: F | B35: Gratificação Liderança (15% ou 30%) (Cláusula 16ª CCT) | E35: =15%*1610 -> 241.5 | G35: =15%*1610 -> 241.5 | I35: =15%*1610 -> 241.5
B36: Total de Remuneração | D36: =SUM(D30:D35) -> 2293.7 | E36: =SUM(E30:E35) -> 2535.2 | F36: =SUM(F30:F35) -> 1709.65 | G36: =SUM(G30:G35) -> 1951.15 | H36: =SUM(H30:H35) -> 1610 | I36: =SUM(I30:I35) -> 1851.5 | J36: =SUM(J30:J35) -> 2304.13
A38: MÓDULO 2: ENCARGOS E BENEFÍCIOS ANUAIS, MENSAIS E DIÁRIOS | D38: Almoxarife | E38: Líder de Almoxarife | F38: Auxiliar de Almoxarife | G38: Líder de Aux. Almoxarife | H38: Copeiro | I38: Líder de Copeiro | J38: Auxiliar de Escriturário
A39: Submódulo 2.1 - 13º (décimo terceiro) Salário, Férias e Adicional de Férias | D39: Valor(R$) | E39: Valor(R$) | F39: Valor(R$) | G39: Valor(R$) | H39: Valor(R$) | I39: Valor(R$) | J39: Valor(R$)
A40: A | B40: 13º (décimo terceiro) Salário | D40: =D36*8.33% -> 191.06521 | E40: =E36*8.33% -> 211.18216 | F40: =F36*8.33% -> 142.41385 | G40: =G36*8.33% -> 162.5308 | H40: =H36*8.33% -> 134.113 | I40: =I36*8.33% -> 154.22995 | J40: =J36*8.33% -> 191.93403
A41: B | B41: Férias e Adicional de Férias | D41: =D36*12.1% -> 277.5377 | E41: =E36*12.1% -> 306.7592 | F41: =F36*12.1% -> 206.86765 | G41: =G36*12.1% -> 236.08915 | H41: =H36*12.1% -> 194.81 | I41: =I36*12.1% -> 224.0315 | J41: =J36*12.1% -> 278.79973
B42: Total | D42: =SUM(D40:D41) -> 468.60291 | E42: =SUM(E40:E41) -> 517.94136 | F42: =SUM(F40:F41) -> 349.2815 | G42: =SUM(G40:G41) -> 398.61994 | H42: =SUM(H40:H41) -> 328.923 | I42: =SUM(I40:I41) -> 378.26145 | J42: =SUM(J40:J41) -> 470.73376
A43: C | B43: Incidência do Submódulo 2.2 - Encargos previdenciários (GPS), FGTS e outras contribuições (Cálculo sobre a remuneração, pois será adotada a Conta Vinculada) | D43: =D36*7.82% -> 179.36734 | E43: =E36*7.82% -> 198.25264 | F43: =F36*7.82% -> 133.69463 | G43: =G36*7.82% -> 152.57993 | H43: =H36*7.82% -> 125.902 | I43: =I36*7.82% -> 144.7873 | J43: =J36*7.82% -> 180.18297
A45: Submódulo 2.2 - Encargos Previdenciários (GPS), Fundo de Garantia por Tempo de Serviço (FGTS) e outras contribuições | D45: Almoxarife | E45: Líder de Almoxarife | F45: Auxiliar de Almoxarife | G45: Líder de Aux. Almoxarife | H45: Copeiro | I45: Líder de Copeiro | J45: Auxiliar de Escriturário
A46: 2.2 | B46: GPS, FGTS e outras contribuições | C46: % | D46: Valor(R$) | E46: Valor(R$) | F46: Valor(R$) | G46: Valor(R$) | H46: Valor(R$) | I46: Valor(R$) | J46: Valor(R$)
A47: A | B47: INSS | C47: 20 | D47: =(D36*($C$47/100)) -> 458.74 | E47: =(E36*($C$47/100)) -> 507.04 | F47: =(F36*($C$47/100)) -> 341.93 | G47: =(G36*($C$47/100)) -> 390.23 | H47: =(H36*($C$47/100)) -> 322 | I47: =(I36*($C$47/100)) -> 370.3 | J47: =(J36*($C$47/100)) -> 460.826
A48: B | B48: Salário Educação | C48: 2.5 | D48: =(D36*($C$48/100)) -> 57.3425 | E48: =(E36*($C$48/100)) -> 63.38 | F48: =(F36*($C$48/100)) -> 42.74125 | G48: =(G36*($C$48/100)) -> 48.77875 | H48: =(H36*($C$48/100)) -> 40.25 | I48: =(I36*($C$48/100)) -> 46.2875 | J48: =(J36*($C$48/100)) -> 57.60325
A49: C | B49: Seguro acidente do trabalho | C49: 6 | D49: =(D$36*($C$49/100)) -> 137.622 | E49: =(E$36*($C$49/100)) -> 152.112 | F49: =(F$36*($C$49/100)) -> 102.579 | G49: =(G$36*($C$49/100)) -> 117.069 | H49: =(H$36*($C$49/100)) -> 96.6 | I49: =(I$36*($C$49/100)) -> 111.09 | J49: =(J$36*($C$49/100)) -> 138.2478
A50: D | B50: SESI ou SESC | C50: 1.5 | D50: =(D$36*($C$50/100)) -> 34.4055 | E50: =(E$36*($C$50/100)) -> 38.028 | F50: =(F$36*($C$50/100)) -> 25.64475 | G50: =(G$36*($C$50/100)) -> 29.26725 | H50: =(H$36*($C$50/100)) -> 24.15 | I50: =(I$36*($C$50/100)) -> 27.7725 | J50: =(J$36*($C$50/100)) -> 34.56195
A51: E | B51: SENAI ou SENAC | C51: 1 | D51: =(D$36*($C$51/100)) -> 22.937 | E51: =(E$36*($C$51/100)) -> 25.352 | F51: =(F$36*($C$51/100)) -> 17.0965 | G51: =(G$36*($C$51/100)) -> 19.5115 | H51: =(H$36*($C$51/100)) -> 16.1 | I51: =(I$36*($C$51/100)) -> 18.515 | J51: =(J$36*($C$51/100)) -> 23.0413
A52: F | B52: SEBRAE | C52: 0.6 | D52: =(D$36*($C$52/100)) -> 13.7622 | E52: =(E$36*($C$52/100)) -> 15.2112 | F52: =(F$36*($C$52/100)) -> 10.2579 | G52: =(G$36*($C$52/100)) -> 11.7069 | H52: =(H$36*($C$52/100)) -> 9.66 | I52: =(I$36*($C$52/100)) -> 11.109 | J52: =(J$36*($C$52/100)) -> 13.82478
A53: G | B53: INCRA | C53: 0.2 | D53: =(D$36*($C$53/100)) -> 4.5874 | E53: =(E$36*($C$53/100)) -> 5.0704 | F53: =(F$36*($C$53/100)) -> 3.4193 | G53: =(G$36*($C$53/100)) -> 3.9023 | H53: =(H$36*($C$53/100)) -> 3.22 | I53: =(I$36*($C$53/100)) -> 3.703 | J53: =(J$36*($C$53/100)) -> 4.60826
A54: H | B54: FGTS | C54: 8 | D54: =(D$36*($C$54/100)) -> 183.496 | E54: =(E$36*($C$54/100)) -> 202.816 | F54: =(F$36*($C$54/100)) -> 136.772 | G54: =(G$36*($C$54/100)) -> 156.092 | H54: =(H$36*($C$54/100)) -> 128.8 | I54: =(I$36*($C$54/100)) -> 148.12 | J54: =(J$36*($C$54/100)) -> 184.3304
B55: TOTAL | C55: =SUM(C47:C54) -> 39.8 | D55: =SUM(D47:D54) -> 912.8926 | E55: =SUM(E47:E54) -> 1009.0096 | F55: =SUM(F47:F54) -> 680.4407 | G55: =SUM(G47:G54) -> 776.5577 | H55: =SUM(H47:H54) -> 640.78 | I55: =SUM(I47:I54) -> 736.897 | J55: =SUM(J47:J54) -> 917.04374
B56: Itens não aplicáveis a Optantes do SIMPLES
A58: Submódulo 2.3 - Benefícios Mensais e Diários | D58: Almoxarife | E58: Líder de Almoxarife | F58: Auxiliar de Almoxarife | G58: Líder de Aux. Almoxarife | H58: Copeiro | I58: Líder de Copeiro | J58: Auxiliar de Escriturário
A59: 2.3 | B59: Benefícios Mensais e Diários | D59: Valor(R$) | E59: Valor(R$) | F59: Valor(R$) | G59: Valor(R$) | H59: Valor(R$) | I59: Valor(R$) | J59: Valor(R$)
A60: A | B60: Transporte -Cláusula 23ª da CCT - considerando 2 passagens/dia (BUI) - Benefício para renda mensal inferior ou igual a R$3.205,20 | D60: =(8.55*2*A20)-(6%*D20) -> 219.426 | E60: =(8.55*2*A21)-(6%*D21) -> 219.426 | F60: =(8.55*2*A22)-(6%*D22) -> 254.469 | G60: =(8.55*2*A23)-(6%*D23) -> 254.469 | H60: =(8.55*2*A24)-(6%*D24) -> 260.448 | I60: =(8.55*2*A25)-(6%*D25) -> 260.448 | J60: =(8.55*2*A26)-(6%*D26) -> 218.8002
A61: B | B61: Ticket Alimentação - Cláusula 22ª da CCT | D61: =(23.5*A20)-(23.5*A20*10%) -> 441.612 | E61: =(23.5*A21)-(23.5*A21*10%) -> 441.612 | F61: =(23.5*A22)-(23.5*A22*10%) -> 441.612 | G61: =(23.5*A23)-(23.5*A23*10%) -> 441.612 | H61: =(23.5*A24)-(23.5*A24*10%) -> 441.612 | I61: =(23.5*A25)-(23.5*A25*10%) -> 441.612 | J61: =(23.5*A24)-(23.5*A24*10%) -> 441.612
A62: C | B62: Benefício Assistencial | D62: =F56 -> 0 | E62: =G56 -> 0 | G62: =H56 -> 0 | H62: =J56 -> 0 | I62: =K56 -> 0
A63: D | B63: Outros (Social Familiar) - Cláusula 28ª da CCT | D63: 20.15 | E63: 20.15 | F63: 20.15 | G63: 20.15 | H63: 20.15 | I63: 20.15 | J63: 20.15
B64: Total de Benefícios Mensais e Diários | D64: =SUM(D60:D63) -> 681.188 | E64: =SUM(E60:E63) -> 681.188 | F64: =SUM(F60:F63) -> 716.231 | G64: =SUM(G60:G63) -> 716.231 | H64: =SUM(H60:H63) -> 722.21 | I64: =SUM(I60:I63) -> 722.21 | J64: =SUM(J60:J63) -> 680.5622
A66: Quadro-Resumo do Módulo 2 - Encargos e Benefícios anuais, mensais e diários | D66: Almoxarife | E66: Líder de Almoxarife | F66: Auxiliar de Almoxarife | G66: Líder de Aux. Almoxarife | H66: Copeiro | I66: Líder de Copeiro | J66: Auxiliar de Escriturário
A67: 2 | B67: Encargos e Benefícios Anuais, Mensais e Diários | D67: Valor (R$) | E67: Valor (R$) | F67: Valor (R$) | G67: Valor (R$) | H67: Valor (R$) | I67: Valor (R$) | J67: Valor (R$)
A68: 2.1 | B68: 13º (décimo terceiro) Salário, Férias e Adicional de Férias | D68: =D42 -> 468.60291 | E68: =E42 -> 517.94136 | F68: =F42 -> 349.2815 | G68: =G42 -> 398.61994 | H68: =H42 -> 328.923 | I68: =I42 -> 378.26145 | J68: =J42 -> 470.73376
A69: 2.2 | B69: GPS, FGTS e outras contribuições | D69: =D55+D43 -> 1092.2599 | E69: =E55+E43 -> 1207.2622 | F69: =F55+F43 -> 814.13533 | G69: =G55+G43 -> 929.13763 | H69: =H55+H43 -> 766.682 | I69: =I55+I43 -> 881.6843 | J69: =J55+J43 -> 1097.2267
A70: 2.3 | B70: Benefícios Mensais e Diários | D70: =D64 -> 681.188 | E70: =E64 -> 681.188 | F70: =F64 -> 716.231 | G70: =G64 -> 716.231 | H70: =H64 -> 722.21 | I70: =I64 -> 722.21 | J70: =J64 -> 680.5622
B71: Total | D71: =SUM(D68:D70) -> 2242.0509 | E71: =SUM(E68:E70) -> 2406.3916 | F71: =SUM(F68:F70) -> 1879.6478 | G71: =SUM(G68:G70) -> 2043.9886 | H71: =SUM(H68:H70) -> 1817.815 | I71: =SUM(I68:I70) -> 1982.1557 | J71: =SUM(J68:J70) -> 2248.5227
A73: MÓDULO 3: PROVISÃO PARA RESCISÃO | D73: Almoxarife | E73: Líder de Almoxarife | F73: Auxiliar de Almoxarife | G73: Líder de Aux. Almoxarife | H73: Copeiro | I73: Líder de Copeiro | J73: Auxiliar de Escriturário
A74: 3 | B74: Provisão para Rescisão | D74: Valor(R$) | E74: Valor(R$) | F74: Valor(R$) | G74: Valor(R$) | H74: Valor(R$) | I74: Valor(R$) | J74: Valor(R$)
A75: A | B75: Aviso prévio indenizado | D75: =((D36+D40+D41)/12)*5% -> 11.509595 | E75: =((E36+E40+E41)/12)*5% -> 12.721422 | F75: =((F36+F40+F41)/12)*5% -> 8.5788812 | G75: =((G36+G40+G41)/12)*5% -> 9.7907081 | H75: =((H36+H40+H41)/12)*5% -> 8.0788458 | I75: =((I36+I40+I41)/12)*5% -> 9.2906727 | J75: =((J36+J40+J41)/12)*5% -> 11.561932
A76: B | B76: Incidência do FGTS sobre o Aviso Prévio Indenizado | D76: =((D36+D40)/12)*5%*8% -> 0.82825507 | E76: =((E36+E40)/12)*5%*8% -> 0.91546072 | F76: =((F36+F40)/12)*5%*8% -> 0.61735461 | G76: =((G36+G40)/12)*5%*8% -> 0.70456027 | H76: =((H36+H40)/12)*5%*8% -> 0.581371 | I76: =((I36+I40)/12)*5%*8% -> 0.66857665 | J76: =((J36+J40)/12)*5%*8% -> 0.83202134
A77: C | B77: Multa do FGTS e contribuição social sobre o aviso prévio indenizado | D77: 0 | E77: 0 | F77: 0 | G77: 0 | H77: 0 | I77: 0 | J77: 0
A78: D | B78: Aviso prévio trabalhado | D78: =(((D36+D62)/30/12)*7) -> 44.599722 | E78: =(((E36+E62)/30/12)*7) -> 49.295556 | F78: =(((F36+F62)/30/12)*7) -> 33.243194 | G78: =(((G36+G62)/30/12)*7) -> 37.939028 | H78: =(((H36+H62)/30/12)*7) -> 31.305556 | I78: =(((I36+I62)/30/12)*7) -> 36.001389 | J78: =(((J36+J62)/30/12)*7) -> 44.802528
A79: E | B79: Incidência de GPS, FGTS e outras contribuições sobre o aviso prévio trabalhado | D79: =(D36/30/12*7)*8% -> 3.5679778 | E79: =(E36/30/12*7)*8% -> 3.9436444 | F79: =(F36/30/12*7)*8% -> 2.6594556 | G79: =(G36/30/12*7)*8% -> 3.0351222 | H79: =(H36/30/12*7)*8% -> 2.5044444 | I79: =(I36/30/12*7)*8% -> 2.8801111 | J79: =(J36/30/12*7)*8% -> 3.5842022
A80: F | B80: Multa do FGTS e contribuição social sobre o aviso prévio trabalhado | D80: =D36*4% -> 91.748 | E80: =E36*4% -> 101.408 | F80: =F36*4% -> 68.386 | G80: =G36*4% -> 78.046 | H80: =H36*4% -> 64.4 | I80: =I36*4% -> 74.06 | J80: =J36*4% -> 92.1652
B81: TOTAL | D81: =SUM(D75:D80) -> 152.25355 | E81: =SUM(E75:E80) -> 168.28408 | F81: =SUM(F75:F80) -> 113.48489 | G81: =SUM(G75:G80) -> 129.51542 | H81: =SUM(H75:H80) -> 106.87022 | I81: =SUM(I75:I80) -> 122.90075 | J81: =SUM(J75:J80) -> 152.94588
A83: MÓDULO 4: CUSTO DE REPOSIÇÃO DO PROFISSIONAL AUSENTE | D83: Almoxarife | E83: Líder de Almoxarife | F83: Auxiliar de Almoxarife | G83: Líder de Aux. Almoxarife | H83: Copeiro | I83: Líder de Copeiro | J83: Auxiliar de Escriturário
A84: 4.1 | B84: Submódulo 4.1. Ausências legais | D84: Valor(R$) | E84: Valor(R$) | F84: Valor(R$) | G84: Valor(R$) | H84: Valor(R$) | I84: Valor(R$) | J84: Valor(R$)
A85: A | B85: Substituto na cobertura de férias | D85: 0 | E85: 0 | F85: 0 | G85: 0 | H85: 0 | I85: 0 | J85: 0
A86: B | B86: Substituto na cobertura de Ausências legais | D86: =(((D36+D71+D81+D89+D110)-(D60-D61-D107-D108))/30*2.96)/12 -> 40.469269 | E86: =(((E36+E71+E81+E89+E110)-(E60-E61-E107-E108))/30*2.96)/12 -> 43.947453 | F86: =(((F36+F71+F81+F89+F110)-(F60-F61-F107-F108))/30*2.96)/12 -> 32.480815 | G86: =(((G36+G71+G81+G89+G110)-(G60-G61-G107-G108))/30*2.96)/12 -> 35.959 | H86: =(((H36+H71+H81+H89+H110)-(H60-H61-H107-H108))/30*2.96)/12 -> 31.214635 | I86: =(((I36+I71+I81+I89+I110)-(I60-I61-I107-I108))/30*2.96)/12 -> 47.289758 | J86: =(((J36+J71+J81+J89+J110)-(J60-J61-J107-J108))/30*2.96)/12 -> 40.619486
A87: C | B87: Substituto na cobertura de Licença paternidade | D87: =(((D36+D71+D81+D89+D110)-(D60-D61-D107-D108))/30*5*1.5%)/12 -> 1.0254038 | E87: =(((E36+E71+E81+E89+E110)-(E60-E61-E107-E108))/30*5*1.5%)/12 -> 1.1135334 | F87: =(((F36+F71+F81+F89+F110)-(F60-F61-F107-F108))/30*5*1.5%)/12 -> 0.82299363 | G87: =(((G36+G71+G81+G89+G110)-(G60-G61-G107-G108))/30*5*1.5%)/12 -> 0.9111233 | H87: =(((H36+H71+H81+H89+H110)-(H60-H61-H107-H108))/30*5*1.5%)/12 -> 0.79091137 | I87: =(((I36+I71+I81+I89+I110)-(I60-I61-I107-I108))/30*5*1.5%)/12 -> 1.1982202 | J87: =(((J36+J71+J81+J89+J110)-(J60-J61-J107-J108))/30*5*1.5%)/12 -> 1.0292099
A88: D | B88: Substituto na cobertura de Ausência por Acidente de trabalho | D88: =(((D36+D71+D81+D89+D110)-(D60-D61-D107-D108))/30*15*0.78%)/12 -> 1.5996299 | E88: =(((E36+E71+E81+E89+E110)-(E60-E61-E107-E108))/30*15*0.78%)/12 -> 1.7371122 | F88: =(((F36+F71+F81+F89+F110)-(F60-F61-F107-F108))/30*15*0.78%)/12 -> 1.2838701 | G88: =(((G36+G71+G81+G89+G110)-(G60-G61-G107-G108))/30*15*0.78%)/12 -> 1.4213524 | H88: =(((H36+H71+H81+H89+H110)-(H60-H61-H107-H108))/30*15*0.78%)/12 -> 1.2338217 | I88: =(((I36+I71+I81+I89+I110)-(I60-I61-I107-I108))/30*15*0.78%)/12 -> 1.8692235 | J88: =(((J36+J71+J81+J89+J110)-(J60-J61-J107-J108))/30*15*0.78%)/12 -> 1.6055675
A89: E | B89: Substituto na cobertura de Afastamento Maternidade | D89: =(((D41*3.95/12)+(D63*3.95*1.02%))/12+((D36+D40)*39.8%*3.95)*1.02%/12) -> 11.001021 | E89: =(((E41*3.95/12)+(E63*3.95*1.02%))/12+((E36+E40)*39.8%*3.95)*1.02%/12) -> 12.152178 | F89: =(((F41*3.95/12)+(F63*3.95*1.02%))/12+((F36+F40)*39.8%*3.95)*1.02%/12) -> 8.2170333 | G89: =(((G41*3.95/12)+(G63*3.95*1.02%))/12+((G36+G40)*39.8%*3.95)*1.02%/12) -> 9.3681901 | H89: =(((H41*3.95/12)+(H63*3.95*1.02%))/12+((H36+H40)*39.8%*3.95)*1.02%/12) -> 7.7420322 | I89: =(((I41*3.95/12)+(I63*3.95*1.02%))/12+((I36+I40)*39.8%*3.95)*1.02%/12) -> 8.893189 | J89: =(((J41*3.95/12)+(J63*3.95*1.02%))/12+((J36+J40)*39.8%*3.95)*1.02%/12) -> 11.050738
A90: F | B90: Substituto na cobertura de outras ausências (especificar) | D90: 0 | E90: 0 | F90: 0 | G90: 0 | H90: 0 | I90: 0 | J90: 0
B91: TOTAL | D91: =SUM(D85:D90) -> 54.095324 | E91: =SUM(E85:E90) -> 58.950277 | F91: =SUM(F85:F90) -> 42.804712 | G91: =SUM(G85:G90) -> 47.659665 | H91: =SUM(H85:H90) -> 40.981401 | I91: =SUM(I85:I90) -> 59.25039 | J91: =SUM(J85:J90) -> 54.305001
A93: Submódulo 4.2 - Intrajornada | D93: Almoxarife | E93: Líder de Almoxarife | F93: Auxiliar de Almoxarife | G93: Líder de Aux. Almoxarife | H93: Copeiro | I93: Líder de Copeiro | J93: Auxiliar de Escriturário
A94: 4.2 | B94: Intrajornada | D94: Valor(R$) | E94: Valor(R$) | F94: Valor(R$) | G94: Valor(R$) | H94: Valor(R$) | I94: Valor(R$) | J94: Valor(R$)
A95: A | B95: Intervalo para repouso ou alimentação | D95: 0 | E95: 0 | F95: 0 | G95: 0 | H95: 0 | I95: 0 | J95: 0
B96: TOTAL | D96: 0 | E96: 0 | F96: 0 | G96: 0 | H96: 0 | I96: 0 | J96: 0
A98: Quadro-Resumo do Módulo 4 - Custo de Reposição do Profissional Ausente | D98: Almoxarife | E98: Líder de Almoxarife | F98: Auxiliar de Almoxarife | G98: Líder de Aux. Almoxarife | H98: Copeiro | I98: Líder de Copeiro | J98: Auxiliar de Escriturário
A99: 4 | B99: Custo de reposição | D99: Valor (R$) | E99: Valor (R$) | F99: Valor (R$) | G99: Valor (R$) | H99: Valor (R$) | I99: Valor (R$) | J99: Valor (R$)
A100: 4.1 | B100: Ausências legais | D100: =D91 -> 54.095324 | E100: =E91 -> 58.950277 | F100: =F91 -> 42.804712 | G100: =G91 -> 47.659665 | H100: =H91 -> 40.981401 | I100: =I91 -> 59.25039 | J100: =J91 -> 54.305001
A101: 4.2 | B101: Intrajornada | D101: 0 | E101: 0 | F101: 0 | G101: 0 | H101: 0 | I101: 0 | J101: 0
B102: Total | D102: =SUM(D100:D101) -> 54.095324 | E102: =SUM(E100:E101) -> 58.950277 | F102: =SUM(F100:F101) -> 42.804712 | G102: =SUM(G100:G101) -> 47.659665 | H102: =SUM(H100:H101) -> 40.981401 | I102: =SUM(I100:I101) -> 59.25039 | J102: =SUM(J100:J101) -> 54.305001
A104: MÓDULO 5: INSUMOS DIVERSOS | D104: Almoxarife | E104: Líder de Almoxarife | F104: Auxiliar de Almoxarife | G104: Líder de Aux. Almoxarife | H104: Copeiro | I104: Líder de Copeiro | J104: Auxiliar de Escriturário
A105: 5 | B105: Insumos Diversos | D105: Valor(R$) | E105: Valor(R$) | F105: Valor(R$) | G105: Valor(R$) | H105: Valor(R$) | I105: Valor(R$) | J105: Valor(R$)
A106: A | B106: Uniformes E EPIS | D106: ='Anexo III-B Uniformes'!E57 -> 0.74666667 | E106: ='Anexo III-B Uniformes'!E57 -> 0.74666667 | F106: ='Anexo III-B Uniformes'!E18 -> 52.226667 | G106: ='Anexo III-B Uniformes'!E18 -> 52.226667 | H106: ='Anexo III-B Uniformes'!E31 -> 72.783333 | I106: ='Anexo III-B Uniformes'!E31 -> 72.783333 | J106: ='Anexo III-B Uniformes'!E57 -> 0.74666667
A107: B | B107: Materiais | I107: ='Anexo III-C Materiais'!F28 -> 766.03
A108: C | B108: Equipamentos
A109: D | B109: Outros
B110: Total de Insumos Diversos | D110: =SUM(D106:D109) -> 0.74666667 | E110: =SUM(E106:E109) -> 0.74666667 | F110: =SUM(F106:F109) -> 52.226667 | G110: =SUM(G106:G109) -> 52.226667 | H110: =SUM(H106:H109) -> 72.783333 | I110: =SUM(I106:I109) -> 838.81333 | J110: =SUM(J106:J109) -> 0.74666667
A112: MÓDULO 6: CUSTOS INDIRETOS, TRIBUTOS E LUCRO – (LUCRO PRESUMIDO) | D112: Almoxarife | E112: Líder de Almoxarife | F112: Auxiliar de Almoxarife | G112: Líder de Aux. Almoxarife | H112: Copeiro | I112: Líder de Copeiro | J112: Auxiliar de Escriturário
A113: 6 | B113: Custos Indiretos, Tributos e Lucro | C113: % | D113: Valor(R$) | E113: Valor(R$) | F113: Valor(R$) | G113: Valor(R$) | H113: Valor(R$) | I113: Valor(R$) | J113: Valor(R$)
A114: A | B114: Custos Indiretos | C114: 4.8 | D114: =(D131)*$C$114/100 -> 227.65663 | E114: =(E131)*$C$114/100 -> 248.13949 | F114: =(F131)*$C$114/100 -> 182.29508 | G114: =(G131)*$C$114/100 -> 202.77794 | H114: =(H131)*$C$114/100 -> 175.1256 | I114: =(I131)*$C$114/100 -> 233.02177 | J114: =(J131)*$C$114/100 -> 228.51121
A115: B | B115: Lucro | C115: 3.92 | D115: =(D131+D114)*$C$115/100 -> 194.84372 | E115: =(E131+E114)*$C$115/100 -> 212.37431 | F115: =(F131+F114)*$C$115/100 -> 156.02028 | G115: =(G131+G114)*$C$115/100 -> 173.55088 | H115: =(H131+H114)*$C$115/100 -> 149.88416 | I115: =(I131+I114)*$C$115/100 -> 199.43557 | J115: =(J131+J114)*$C$115/100 -> 195.57513
...

Sheet An IV A Custo G2
A1: PRÓ-REITORIA DE ADMINISTRAÇÃO
A2: COORDENAÇÃO DE CONTRATOS
A4: Anexo IV-A - FORMAÇÃO CUSTOS POSTOS GRUPO 1
A5: Contratação de empresa para prestação de serviços continuados de Apoio Logístico, com regime de dedicação exclusiva de mão de obra, com fornecimento de materiais de reposição e atendimento da Universidade Federal Fluminense
A6: MÃO-DE-OBRA VINCULADA À EXECUÇÃO CONTRATUAL
A7: Dados para composição dos custos referentes a mão de obra
A8: Regime tributário da Licitante | C8: Documento Comprobatório *Anexar Comprovante
A11: ACT/CCT/DCT inclusive aditivos se houver
A12: Entidade Sindical da Empresa
A13: Entidade Sindical dos Empregados
A14: Número de Registro
A15: Início Vigência
A16: Fim Vigência
A18: Descrição Cargos
A19: Dias/Mês | B19: Posto | C19: CBO | D19: Salário
A20: 20.88 | B20: Guardião de Piscina | C20: 5171-15 | D20: 1610
A21: 20.88 | B21: Agente Educacional | C21: 5153-25 | D21: 1610
A22: 20.88 | B22: Mediador de Alunos | C22: 5153-25 | D22: 1610
A23: 20.88 | B23: Cuidador de Alunos | C23: 5162-20 | D23: 1610
A24: 20.88 | B24: Auxiliar de Mecânica | C24: 7250-10 | D24: 1610
A25: 20.88 | B25: Orientador Educacional | C25: 2394-10 | D25: 3568.86
A26: 20.88 | B26: Encarregado Geral | C26: 7102-05 | D26: 3976.85
A27: 20.88 | B27: Técnico em Manutenção | C27: 3131-30 | D27: 3236.16
A28: 20.88 | B28: Bombeiro Hidráulico | C28: 7241-10 | D28: 2380.35
A29: 20.88 | B29: Ajudante de Manutenção | C29: 7170-20 | D29: 1610
A31: MÓDULO 1 : COMPOSIÇÃO DA REMUNERAÇÃO | D31: Guardião de Piscina | E31: Agente Educacional | F31: Mediador de Alunos | G31: Cuidador de Alunos | H31: Auxiliar de Mecânica | I31: Orientador Educacional | J31: Encarregado Geral | K31: Técnico em Manutenção | L31: Bombeiro Hidráulico | M31: Ajudante de Manutenção
A32: 1 | B32: Composição da Remuneração | D32: Valor(R$) | E32: Valor(R$) | F32: Valor(R$) | G32: Valor(R$) | H32: Valor(R$) | I32: Valor(R$) | J32: Valor(R$) | K32: Valor(R$) | L32: Valor(R$) | M32: Valor(R$)
A33: A | B33: Salário Base | D33: =D20 -> 1610 | E33: =D21 -> 1610 | F33: =D22 -> 1610 | G33: =D23 -> 1610 | H33: =D24 -> 1610 | I33: =D25 -> 3568.86 | J33: =D26 -> 3976.85 | K33: =D27 -> 3236.16 | L33: =D28 -> 2380.35 | M33: =D29 -> 1610
A34: B | B34: Adicional de Periculosidade
A35: C | B35: Adicional de Insalubridade (20% Grau médio NR 15)
A36: D | B36: Adicional Noturno
A37: E | B37: Adicional de Hora Noturna Reduzida
A38: F | B38: Gratificação Liderança (15% ou 30%) (Cláusula 16ª CCT)
B39: Total de Remuneração | D39: =SUM(D33:D38) -> 1610 | E39: =SUM(E33:E38) -> 1610 | F39: =SUM(F33:F38) -> 1610 | G39: =SUM(G33:G38) -> 1610 | H39: =SUM(H33:H38) -> 1610 | I39: =SUM(I33:I38) -> 3568.86 | J39: =SUM(J33:J38) -> 3976.85 | K39: =SUM(K33:K38) -> 3236.16 | ... M39: =SUM(M33:M38) -> 1610
A41: MÓDULO 2: ENCARGOS E BENEFÍCIOS ANUAIS, MENSAIS E DIÁRIOS | D41: Guardião de Piscina | E41: Agente Educacional | F41: Mediador de Alunos | G41: Cuidador de Alunos | H41: Auxiliar de Mecânica | I41: Orientador Educacional | J41: Encarregado Geral | K41: Técnico em Manutenção | L41: Bombeiro Hidráulico | M41: Ajudante de Manutenção
A42: Submódulo 2.1 - 13º (décimo terceiro) Salário, Férias e Adicional de Férias | D42: Valor(R$) | E42: Valor(R$) | F42: Valor(R$) | G42: Valor(R$) | H42: Valor(R$) | I42: Valor(R$) | J42: Valor(R$) | K42: Valor(R$) | L42: Valor(R$) | M42: Valor(R$)
A43: A | B43: 13º (décimo terceiro) Salário | D43: =D39*8.33% -> 134.113 | E43: =E39*8.33% -> 134.113 | F43: =F39*8.33% -> 134.113 | G43: =G39*8.33% -> 134.113 | H43: =H39*8.33% -> 134.113 | I43: =I39*8.33% -> 297.28604 | J43: =J39*8.33% -> 331.27161 | K43: =K39*8.33% -> 269.57213 | ... M43: =M39*8.33% -> 134.113
A44: B | B44: Férias e Adicional de Férias | D44: =D39*12.1% -> 194.81 | E44: =E39*12.1% -> 194.81 | F44: =F39*12.1% -> 194.81 | G44: =G39*12.1% -> 194.81 | H44: =H39*12.1% -> 194.81 | I44: =I39*12.1% -> 431.83206 | J44: =J39*12.1% -> 481.19885 | K44: =K39*12.1% -> 391.57536 | ... M44: =M39*12.1% -> 194.81
B45: Total | D45: =SUM(D43:D44) -> 328.923 | E45: =SUM(E43:E44) -> 328.923 | F45: =SUM(F43:F44) -> 328.923 | G45: =SUM(G43:G44) -> 328.923 | H45: =SUM(H43:H44) -> 328.923 | I45: =SUM(I43:I44) -> 729.1181 | J45: =SUM(J43:J44) -> 812.47046 | K45: =SUM(K43:K44) -> 661.14749 | ... M45: =SUM(M43:M44) -> 328.923
A46: C | B46: Incidência do Submódulo 2.2 - Encargos previdenciários (GPS), FGTS e outras contribuições (Cálculo sobre a remuneração, pois será adotada a Conta Vinculada) | D46: =D39*7.82% -> 125.902 | E46: =E39*7.82% -> 125.902 | F46: =F39*7.82% -> 125.902 | G46: =G39*7.82% -> 125.902 | H46: =H39*7.82% -> 125.902 | I46: =I39*7.82% -> 279.08485 | J46: =J39*7.82% -> 310.98967 | K46: =K39*7.82% -> 253.06771 | ... M46: =M39*7.82% -> 125.902
A48: Submódulo 2.2 - Encargos Previdenciários (GPS), Fundo de Garantia por Tempo de Serviço (FGTS) e outras contribuições | D48: Guardião de Piscina | E48: Agente Educacional | F48: Mediador de Alunos | G48: Cuidador de Alunos | H48: Auxiliar de Mecânica | I48: Orientador Educacional | J48: Encarregado Geral | K48: Técnico em Manutenção | L48: Bombeiro Hidráulico | M48: Ajudante de Manutenção
A49: 2.2 | B49: GPS, FGTS e outras contribuições | C49: % | D49: Valor(R$) | E49: Valor(R$) | F49: Valor(R$) | G49: Valor(R$) | H49: Valor(R$) | I49: Valor(R$) | J49: Valor(R$) | K49: Valor(R$) | L49: Valor(R$) | M49: Valor(R$)
A50: A | B50: INSS | C50: 20 | D50: =(D39*($C$50/100)) -> 322 | E50: =(E39*($C$50/100)) -> 322 | F50: =(F39*($C$50/100)) -> 322 | G50: =(G39*($C$50/100)) -> 322 | H50: =(H39*($C$50/100)) -> 322 | I50: =(I39*($C$50/100)) -> 713.772 | J50: =(J39*($C$50/100)) -> 795.37 | K50: =(K39*($C$50/100)) -> 647.232 | ... M50: =(M39*($C$50/100)) -> 322
A51: B | B51: Salário Educação | C51: 2.5 | D51: =(D39*($C$51/100)) -> 40.25 | E51: =(E39*($C$51/100)) -> 40.25 | F51: =(F39*($C$51/100)) -> 40.25 | G51: =(G39*($C$51/100)) -> 40.25 | H51: =(H39*($C$51/100)) -> 40.25 | I51: =(I39*($C$51/100)) -> 89.2215 | J51: =(J39*($C$51/100)) -> 99.42125 | K51: =(K39*($C$51/100)) -> 80.904 | ... M51: =(M39*($C$51/100)) -> 40.25
A52: C | B52: Seguro acidente do trabalho | C52: 6 | D52: =(D$39*($C$52/100)) -> 96.6 | E52: =(E$39*($C$52/100)) -> 96.6 | F52: =(F$39*($C$52/100)) -> 96.6 | G52: =(G$39*($C$52/100)) -> 96.6 | H52: =(H$39*($C$52/100)) -> 96.6 | I52: =(I$39*($C$52/100)) -> 214.1316 | J52: =(J$39*($C$52/100)) -> 238.611 | K52: =(K$39*($C$52/100)) -> 194.1696 | ... M52: =(M$39*($C$52/100)) -> 96.6
A53: D | B53: SESI ou SESC | C53: 1.5 | D53: =(D$39*($C$53/100)) -> 24.15 | E53: =(E$39*($C$53/100)) -> 24.15 | F53: =(F$39*($C$53/100)) -> 24.15 | G53: =(G$39*($C$53/100)) -> 24.15 | H53: =(H$39*($C$53/100)) -> 24.15 | I53: =(I$39*($C$53/100)) -> 53.5329 | J53: =(J$39*($C$53/100)) -> 59.65275 | K53: =(K$39*($C$53/100)) -> 48.5424 | ... M53: =(M$39*($C$53/100)) -> 24.15
A54: E | B54: SENAI ou SENAC | C54: 1 | D54: =(D$39*($C$54/100)) -> 16.1 | E54: =(E$39*($C$54/100)) -> 16.1 | F54: =(F$39*($C$54/100)) -> 16.1 | G54: =(G$39*($C$54/100)) -> 16.1 | H54: =(H$39*($C$54/100)) -> 16.1 | I54: =(I$39*($C$54/100)) -> 35.6886 | J54: =(J$39*($C$54/100)) -> 39.7685 | K54: =(K$39*($C$54/100)) -> 32.3616 | ... M54: =(M$39*($C$54/100)) -> 16.1
A55: F | B55: SEBRAE | C55: 0.6 | D55: =(D$39*($C$55/100)) -> 9.66 | E55: =(E$39*($C$55/100)) -> 9.66 | F55: =(F$39*($C$55/100)) -> 9.66 | G55: =(G$39*($C$55/100)) -> 9.66 | H55: =(H$39*($C$55/100)) -> 9.66 | I55: =(I$39*($C$55/100)) -> 21.41316 | J55: =(J$39*($C$55/100)) -> 23.8611 | K55: =(K$39*($C$55/100)) -> 19.41696 | ... M55: =(M$39*($C$55/100)) -> 9.66
A56: G | B56: INCRA | C56: 0.2 | D56: =(D$39*($C$56/100)) -> 3.22 | E56: =(E$39*($C$56/100)) -> 3.22 | F56: =(F$39*($C$56/100)) -> 3.22 | G56: =(G$39*($C$56/100)) -> 3.22 | H56: =(H$39*($C$56/100)) -> 3.22 | I56: =(I$39*($C$56/100)) -> 7.13772 | J56: =(J$39*($C$56/100)) -> 7.9537 | K56: =(K$39*($C$56/100)) -> 6.47232 | ... M56: =(M$39*($C$56/100)) -> 3.22
A57: H | B57: FGTS | C57: 8 | D57: =(D$39*($C$57/100)) -> 128.8 | E57: =(E$39*($C$57/100)) -> 128.8 | F57: =(F$39*($C$57/100)) -> 128.8 | G57: =(G$39*($C$57/100)) -> 128.8 | H57: =(H$39*($C$57/100)) -> 128.8 | I57: =(I$39*($C$57/100)) -> 285.5088 | J57: =(J$39*($C$57/100)) -> 318.148 | K57: =(K$39*($C$57/100)) -> 258.8928 | ... M57: =(M$39*($C$57/100)) -> 128.8
B58: TOTAL | C58: =SUM(C50:C57) -> 39.8 | D58: =SUM(D50:D57) -> 640.78 | E58: =SUM(E50:E57) -> 640.78 | F58: =SUM(F50:F57) -> 640.78 | G58: =SUM(G50:G57) -> 640.78 | H58: =SUM(H50:H57) -> 640.78 | I58: =SUM(I50:I57) -> 1420.4063 | J58: =SUM(J50:J57) -> 1582.7863 | ... M58: =SUM(M50:M57) -> 640.78
B59: Itens não aplicáveis a Optantes do SIMPLES
A61: Submódulo 2.3 - Benefícios Mensais e Diários | D61: Guardião de Piscina | E61: Agente Educacional | F61: Mediador de Alunos | G61: Cuidador de Alunos | H61: Auxiliar de Mecânica | I61: Orientador Educacional | J61: Encarregado Geral | K61: Técnico em Manutenção | L61: Bombeiro Hidráulico | M61: Ajudante de Manutenção
A62: 2.3 | B62: Benefícios Mensais e Diários | D62: Valor(R$) | E62: Valor(R$) | F62: Valor(R$) | G62: Valor(R$) | H62: Valor(R$) | I62: Valor(R$) | J62: Valor(R$) | K62: Valor(R$) | L62: Valor(R$) | M62: Valor(R$)
A63: A | B63: Transporte -Cláusula 23ª da CCT - considerando 2 passagens/dia (BUI) - Benefício para renda mensal inferior ou igual a R$3.205,20 | D63: =(8.55*2*A20)-(6%*D20) -> 260.448 | E63: =(8.55*2*A21)-(6%*D21) -> 260.448 | F63: =(8.55*2*A22)-(6%*D22) -> 260.448 | G63: =(8.55*2*A23)-(6%*D23) -> 260.448 | H63: =(8.55*2*A24)-(6%*D24) -> 260.448 | L63: =(8.55*2*A28)-(6%*D28) -> 214.227 | M63: =(8.55*2*A29)-(6%*D29) -> 260.448
A64: B | B64: Ticket Alimentação - Cláusula 22ª da CCT | D64: =(23.5*A20)-(23.5*A20*10%) -> 441.612 | E64: =(23.5*A21)-(23.5*A21*10%) -> 441.612 | F64: =(23.5*A22)-(23.5*A22*10%) -> 441.612 | G64: =(23.5*A23)-(23.5*A23*10%) -> 441.612 | H64: =(23.5*A24)-(23.5*A24*10%) -> 441.612 | I64: =(23.5*A25)-(23.5*A25*10%) -> 441.612 | J64: =(23.5*A26)-(23.5*A26*10%) -> 441.612 | K64: =(23.5*A28)-(23.5*A28*10%) -> 441.612 | L64: =(23.5*A29)-(23.5*A29*10%) -> 441.612 | M64: =(23.5*A30)-(23.5*A30*10%) -> 0
A65: C | B65: Benefício Assistencial | D65: =F59 -> 0 | E65: =G59 -> 0
A66: D | B66: Outros (Social Familiar) - Cláusula 28ª da CCT | D66: 20.15 | E66: 20.15 | F66: 20.15 | G66: 20.15 | H66: 20.15 | I66: 20.15 | J66: 20.15 | K66: 20.15 | L66: 20.15 | M66: 20.15
B67: Total de Benefícios Mensais e Diários | D67: =SUM(D63:D66) -> 722.21 | E67: =SUM(E63:E66) -> 722.21 | F67: =SUM(F63:F66) -> 722.21 | G67: =SUM(G63:G66) -> 722.21 | H67: =SUM(H63:H66) -> 722.21 | I67: =SUM(I63:I66) -> 461.762 | J67: =SUM(J63:J66) -> 461.762 | K67: =SUM(K63:K66) -> 461.762 | ... M67: =SUM(M63:M66) -> 280.598
A69: Quadro-Resumo do Módulo 2 - Encargos e Benefícios anuais, mensais e diários | D69: Guardião de Piscina | E69: Agente Educacional | F69: Mediador de Alunos | G69: Cuidador de Alunos | H69: Auxiliar de Mecânica | I69: Orientador Educacional | J69: Encarregado Geral | K69: Técnico em Manutenção | L69: Bombeiro Hidráulico | M69: Ajudante de Manutenção
A70: 2 | B70: Encargos e Benefícios Anuais, Mensais e Diários | D70: Valor (R$) | E70: Valor (R$) | F70: Valor (R$) | G70: Valor (R$) | H70: Valor (R$) | I70: Valor (R$) | J70: Valor (R$) | K70: Valor (R$) | L70: Valor (R$) | M70: Valor (R$)
A71: 2.1 | B71: 13º (décimo terceiro) Salário, Férias e Adicional de Férias | D71: =D45 -> 328.923 | E71: =E45 -> 328.923 | F71: =F45 -> 328.923 | G71: =G45 -> 328.923 | H71: =H45 -> 328.923 | I71: =I45 -> 729.1181 | J71: =J45 -> 812.47046 | K71: =K45 -> 661.14749 | ... M71: =M45 -> 328.923
A72: 2.2 | B72: GPS, FGTS e outras contribuições | D72: =D58+D46 -> 766.682 | E72: =E58+E46 -> 766.682 | F72: =F58+F46 -> 766.682 | G72: =G58+G46 -> 766.682 | H72: =H58+H46 -> 766.682 | I72: =I58+I46 -> 1699.4911 | J72: =J58+J46 -> 1893.776 | K72: =K58+K46 -> 1541.0594 | ... M72: =M58+M46 -> 766.682
A73: 2.3 | B73: Benefícios Mensais e Diários | D73: =D67 -> 722.21 | E73: =E67 -> 722.21 | F73: =F67 -> 722.21 | G73: =G67 -> 722.21 | H73: =H67 -> 722.21 | I73: =I67 -> 461.762 | J73: =J67 -> 461.762 | K73: =K67 -> 461.762 | ... M73: =M67 -> 280.598
B74: Total | D74: =SUM(D71:D73) -> 1817.815 | E74: =SUM(E71:E73) -> 1817.815 | F74: =SUM(F71:F73) -> 1817.815 | G74: =SUM(G71:G73) -> 1817.815 | H74: =SUM(H71:H73) -> 1817.815 | I74: =SUM(I71:I73) -> 2890.3712 | J74: =SUM(J71:J73) -> 3168.0084 | K74: =SUM(K71:K73) -> 2663.9689 | ... M74: =SUM(M71:M73) -> 1376.203
A76: MÓDULO 3: PROVISÃO PARA RESCISÃO | D76: Guardião de Piscina | E76: Agente Educacional | F76: Mediador de Alunos | G76: Cuidador de Alunos | H76: Auxiliar de Mecânica | I76: Orientador Educacional | J76: Encarregado Geral | K76: Técnico em Manutenção | L76: Bombeiro Hidráulico | M76: Ajudante de Manutenção
A77: 3 | B77: Provisão para Rescisão | D77: Valor(R$) | E77: Valor(R$) | F77: Valor(R$) | G77: Valor(R$) | H77: Valor(R$) | I77: Valor(R$) | J77: Valor(R$) | K77: Valor(R$) | L77: Valor(R$) | M77: Valor(R$)
A78: A | B78: Aviso prévio indenizado | D78: =((D39+D43+D44)/12)*5% -> 8.0788458 | E78: =((E39+E43+E44)/12)*5% -> 8.0788458 | F78: =((F39+F43+F44)/12)*5% -> 8.0788458 | G78: =((G39+G43+G44)/12)*5% -> 8.0788458 | H78: =((H39+H43+H44)/12)*5% -> 8.0788458 | I78: =((I39+I43+I44)/12)*5% -> 17.908242 | J78: =((J39+J43+J44)/12)*5% -> 19.955502 | K78: =((K39+K43+K44)/12)*5% -> 16.238781 | ... M78: =((M39+M43+M44)/12)*5% -> 8.0788458
A79: B | B79: Incidência do FGTS sobre o Aviso Prévio Indenizado | D79: =((D39+D43)/12)*5%*8% -> 0.581371 | E79: =((E39+E43)/12)*5%*8% -> 0.581371 | F79: =((F39+F43)/12)*5%*8% -> 0.581371 | G79: =((G39+G43)/12)*5%*8% -> 0.581371 | H79: =((H39+H43)/12)*5%*8% -> 0.581371 | I79: =((I39+I43)/12)*5%*8% -> 1.2887153 | J79: =((J39+J43)/12)*5%*8% -> 1.4360405 | K79: =((K39+K43)/12)*5%*8% -> 1.1685774 | ... M79: =((M39+M43)/12)*5%*8% -> 0.581371
A80: C | B80: Multa do FGTS e contribuição social sobre o aviso prévio indenizado | D80: 0 | E80: 0 | F80: 0 | G80: 0 | H80: 0 | I80: 0 | J80: 0 | K80: 0 | L80: 0 | M80: 0
A81: D | B81: Aviso prévio trabalhado | D81: =(((D39+D65)/30/12)*7) -> 31.305556 | E81: =(((E39+E65)/30/12)*7) -> 31.305556 | F81: =(((F39+F65)/30/12)*7) -> 31.305556 | G81: =(((G39+G65)/30/12)*7) -> 31.305556 | H81: =(((H39+H65)/30/12)*7) -> 31.305556 | I81: =(((I39+I65)/30/12)*7) -> 69.3945 | J81: =(((J39+J65)/30/12)*7) -> 77.327639 | K81: =(((K39+K65)/30/12)*7) -> 62.925333 | ... M81: =(((M39+M65)/30/12)*7) -> 31.305556
A82: E | B82: Incidência de GPS, FGTS e outras contribuições sobre o aviso prévio trabalhado | D82: =(D39/30/12*7)*8% -> 2.5044444 | E82: =(E39/30/12*7)*8% -> 2.5044444 | F82: =(F39/30/12*7)*8% -> 2.5044444 | G82: =(G39/30/12*7)*8% -> 2.5044444 | H82: =(H39/30/12*7)*8% -> 2.5044444 | I82: =(I39/30/12*7)*8% -> 5.55156 | J82: =(J39/30/12*7)*8% -> 6.1862111 | K82: =(K39/30/12*7)*8% -> 5.0340267 | ... M82: =(M39/30/12*7)*8% -> 2.5044444
A83: F | B83: Multa do FGTS e contribuição social sobre o aviso prévio trabalhado | D83: =D39*4% -> 64.4 | E83: =E39*4% -> 64.4 | F83: =F39*4% -> 64.4 | G83: =G39*4% -> 64.4 | H83: =H39*4% -> 64.4 | I83: =I39*4% -> 142.7544 | J83: =J39*4% -> 159.074 | K83: =K39*4% -> 129.4464 | ... M83: =M39*4% -> 64.4
B84: TOTAL | D84: =SUM(D78:D83) -> 106.87022 | E84: =SUM(E78:E83) -> 106.87022 | F84: =SUM(F78:F83) -> 106.87022 | G84: =SUM(G78:G83) -> 106.87022 | H84: =SUM(H78:H83) -> 106.87022 | I84: =SUM(I78:I83) -> 236.89742 | J84: =SUM(J78:J83) -> 263.97939 | K84: =SUM(K78:K83) -> 214.81312 | ... M84: =SUM(M78:M83) -> 106.87022
A86: MÓDULO 4: CUSTO DE REPOSIÇÃO DO PROFISSIONAL AUSENTE | D86: Guardião de Piscina | E86: Agente Educacional | F86: Mediador de Alunos | G86: Cuidador de Alunos | H86: Auxiliar de Mecânica | I86: Orientador Educacional | J86: Encarregado Geral | K86: Técnico em Manutenção | L86: Bombeiro Hidráulico | M86: Ajudante de Manutenção
A87: 4.1 | B87: Submódulo 4.1. Ausências legais | D87: Valor(R$) | E87: Valor(R$) | F87: Valor(R$) | G87: Valor(R$) | H87: Valor(R$) | I87: Valor(R$) | J87: Valor(R$) | K87: Valor(R$) | L87: Valor(R$) | M87: Valor(R$)
A88: A | B88: Substituto na cobertura de férias | D88: 0 | E88: 0 | F88: 0 | G88: 0 | H88: 0 | I88: 0 | J88: 0 | K88: 0 | L88: 0 | M88: 0
A89: B | B89: Substituto na cobertura de Ausências legais | D89: =(((D39+D74+D84+D92+D113)-(D63-D64-D110-D111))/30*2.96)/12 -> 30.803017 | E89: =(((E39+E74+E84+E92+E113)-(E63-E64-E110-E111))/30*2.96)/12 -> 30.757096 | F89: =(((F39+F74+F84+F92+F113)-(F63-F64-F110-F111))/30*2.96)/12 -> 30.757096 | G89: =(((G39+G74+G84+G92+G113)-(G63-G64-G110-G111))/30*2.96)/12 -> 30.757096 | H89: =(((H39+H74+H84+H92+H113)-(H63-H64-H110-H111))/30*2.96)/12 -> 33.5764 | I89: =(((I39+I74+I84+I92+I113)-(I63-I64-I110-I111))/30*2.96)/12 -> 58.969421 | J89: =(((J39+J74+J84+J92+J113)-(J63-J64-J110-J111))/30*2.96)/12 -> 90.425147 | K89: =(((K39+K74+K84+K92+K113)-(K63-K64-K110-K111))/30*2.96)/12 -> 55.090752 | ... M89: =(((M39+M74+M84+M92+M113)-(M63-M64-M110-M111))/30*2.96)/12 -> 24.622648
A90: C | B90: Substituto na cobertura de Licença paternidade | D90: =(((D39+D74+D84+D92+D113)-(D63-D64-D110-D111))/30*5*1.5%)/12 -> 0.78048186 | E90: =(((E39+E74+E84+E92+E113)-(E63-E64-E110-E111))/30*5*1.5%)/12 -> 0.77931832 | F90: =(((F39+F74+F84+F92+F113)-(F63-F64-F110-F111))/30*5*1.5%)/12 -> 0.77931832 | G90: =(((G39+G74+G84+G92+G113)-(G63-G64-G110-G111))/30*5*1.5%)/12 -> 0.77931832 | H90: =(((H39+H74+H84+H92+H113)-(H63-H64-H110-H111))/30*5*1.5%)/12 -> 0.85075339 | I90: =(((I39+I74+I84+I92+I113)-(I63-I64-I110-I111))/30*5*1.5%)/12 -> 1.4941576 | J90: =(((J39+J74+J84+J92+J113)-(J63-J64-J110-J111))/30*5*1.5%)/12 -> 2.2911777 | K90: =(((K39+K74+K84+K92+K113)-(K63-K64-K110-K111))/30*5*1.5%)/12 -> 1.3958805 | ... M90: =(((M39+M74+M84+M92+M113)-(M63-M64-M110-M111))/30*5*1.5%)/12 -> 0.62388467
A91: D | B91: Substituto na cobertura de Ausência por Acidente de trabalho | D91: =(((D39+D74+D84+D92+D113)-(D63-D64-D110-D111))/30*15*0.78%)/12 -> 1.2175517 | E91: =(((E39+E74+E84+E92+E113)-(E63-E64-E110-E111))/30*15*0.78%)/12 -> 1.2157366 | F91: =(((F39+F74+F84+F92+F113)-(F63-F64-F110-F111))/30*15*0.78%)/12 -> 1.2157366 | G91: =(((G39+G74+G84+G92+G113)-(G63-G64-G110-G111))/30*15*0.78%)/12 -> 1.2157366 | H91: =(((H39+H74+H84+H92+H113)-(H63-H64-H110-H111))/30*15*0.78%)/12 -> 1.3271753 | I91: =(((I39+I74+I84+I92+I113)-(I63-I64-I110-I111))/30*15*0.78%)/12 -> 2.3308859 | J91: =(((J39+J74+J84+J92+J113)-(J63-J64-J110-J111))/30*15*0.78%)/12 -> 3.5742372 | K91: =(((K39+K74+K84+K92+K113)-(K63-K64-K110-K111))/30*15*0.78%)/12 -> 2.1775736 | ... M91: =(((M39+M74+M84+M92+M113)-(M63-M64-M110-M111))/30*15*0.78%)/12 -> 0.97326009
A92: E | B92: Substituto na cobertura de Afastamento Maternidade | D92: =(((D44*3.95/12)+(D66*3.95*1.02%))/12+((D39+D43)*39.8%*3.95)*1.02%/12) -> 7.7420322 | E92: =(((E44*3.95/12)+(E66*3.95*1.02%))/12+((E39+E43)*39.8%*3.95)*1.02%/12) -> 7.7420322 | F92: =(((F44*3.95/12)+(F66*3.95*1.02%))/12+((F39+F43)*39.8%*3.95)*1.02%/12) -> 7.7420322 | G92: =(((G44*3.95/12)+(G66*3.95*1.02%))/12+((G39+G43)*39.8%*3.95)*1.02%/12) -> 7.7420322 | H92: =(((H44*3.95/12)+(H66*3.95*1.02%))/12+((H39+H43)*39.8%*3.95)*1.02%/12) -> 7.7420322 | I92: =(((I44*3.95/12)+(I66*3.95*1.02%))/12+((I39+I43)*39.8%*3.95)*1.02%/12) -> 17.07932 | J92: =(((J44*3.95/12)+(J66*3.95*1.02%))/12+((J39+J43)*39.8%*3.95)*1.02%/12) -> 19.024084 | K92: =(((K44*3.95/12)+(K66*3.95*1.02%))/12+((K39+K43)*39.8%*3.95)*1.02%/12) -> 15.493441 | ... M92: =(((M44*3.95/12)+(M66*3.95*1.02%))/12+((M39+M43)*39.8%*3.95)*1.02%/12) -> 7.7420322
A93: F | B93: Substituto na cobertura de outras ausências (especificar) | D93: 0 | E93: 0 | F93: 0 | G93: 0 | H93: 0 | I93: 0 | J93: 0 | K93: 0 | L93: 0 | M93: 0
B94: TOTAL | D94: =SUM(D88:D93) -> 40.543083 | E94: =SUM(E88:E93) -> 40.494183 | F94: =SUM(F88:F93) -> 40.494183 | G94: =SUM(G88:G93) -> 40.494183 | H94: =SUM(H88:H93) -> 43.496361 | I94: =SUM(I88:I93) -> 79.873785 | J94: =SUM(J88:J93) -> 115.31465 | K94: =SUM(K88:K93) -> 74.157647 | ... M94: =SUM(M88:M93) -> 33.961825
A96: Submódulo 4.2 - Intrajornada | D96: Guardião de Piscina | E96: Agente Educacional | F96: Mediador de Alunos | G96: Cuidador de Alunos | H96: Auxiliar de Mecânica | I96: Orientador Educacional | J96: Encarregado Geral | K96: Técnico em Manutenção | L96: Bombeiro Hidráulico | M96: Ajudante de Manutenção
A97: 4.2 | B97: Intrajornada | D97: Valor(R$) | E97: Valor(R$) | F97: Valor(R$) | G97: Valor(R$) | H97: Valor(R$) | I97: Valor(R$) | J97: Valor(R$) | K97: Valor(R$) | L97: Valor(R$) | M97: Valor(R$)
A98: A | B98: Intervalo para repouso ou alimentação | D98: 0 | E98: 0 | F98: 0 | G98: 0 | H98: 0 | I98: 0 | J98: 0 | K98: 0 | L98: 0 | M98: 0
B99: TOTAL | D99: 0 | E99: 0 | F99: 0 | G99: 0 | H99: 0 | I99: 0 | J99: 0 | K99: 0 | L99: 0 | M99: 0
A101: Quadro-Resumo do Módulo 4 - Custo de Reposição do Profissional Ausente | D101: Guardião de Piscina | E101: Agente Educacional | F101: Mediador de Alunos | G101: Cuidador de Alunos | H101: Auxiliar de Mecânica | I101: Orientador Educacional | J101: Encarregado Geral | K101: Técnico em Manutenção | L101: Bombeiro Hidráulico | M101: Ajudante de Manutenção
A102: 4 | B102: Custo de reposição | D102: Valor (R$) | E102: Valor (R$) | F102: Valor (R$) | G102: Valor (R$) | H102: Valor (R$) | I102: Valor (R$) | J102: Valor (R$) | K102: Valor (R$) | L102: Valor (R$) | M102: Valor (R$)
A103: 4.1 | B103: Ausências legais | D103: =D94 -> 40.543083 | E103: =E94 -> 40.494183 | F103: =F94 -> 40.494183 | G103: =G94 -> 40.494183 | H103: =H94 -> 43.496361 | I103: =I94 -> 79.873785 | J103: =J94 -> 115.31465 | K103: =K94 -> 74.157647 | ... M103: =M94 -> 33.961825
A104: 4.2 | B104: Intrajornada | D104: 0 | E104: 0 | F104: 0 | G104: 0 | H104: 0 | I104: 0 | J104: 0 | K104: 0 | L104: 0 | M104: 0
B105: Total | D105: =SUM(D103:D104) -> 40.543083 | E105: =SUM(E103:E104) -> 40.494183 | F105: =SUM(F103:F104) -> 40.494183 | G105: =SUM(G103:G104) -> 40.494183 | H105: =SUM(H103:H104) -> 43.496361 | I105: =SUM(I103:I104) -> 79.873785 | J105: =SUM(J103:J104) -> 115.31465 | K105: =SUM(K103:K104) -> 74.157647 | ... M105: =SUM(M103:M104) -> 33.961825
A107: MÓDULO 5: INSUMOS DIVERSOS | D107: Guardião de Piscina | E107: Agente Educacional | F107: Mediador de Alunos | G107: Cuidador de Alunos | H107: Auxiliar de Mecânica | I107: Orientador Educacional | J107: Encarregado Geral | K107: Técnico em Manutenção | L107: Bombeiro Hidráulico | M107: Ajudante de Manutenção
A108: 5 | B108: Insumos Diversos | D108: Valor(R$) | E108: Valor(R$) | F108: Valor(R$) | G108: Valor(R$) | H108: Valor(R$) | I108: Valor(R$) | J108: Valor(R$) | K108: Valor(R$) | L108: Valor(R$) | M108: Valor(R$)
A109: A | B109: Uniformes E EPIS | D109: ='Anexo III-B Uniformes'!E42 -> 22.721667 | E109: ='Anexo III-B Uniformes'!E50 -> 17.136667 | F109: ='Anexo III-B Uniformes'!E50 -> 17.136667 | G109: ='Anexo III-B Uniformes'!E50 -> 17.136667 | H109: ='Anexo III-B Uniformes'!E57 -> 0.74666667 | I109: ='Anexo III-B Uniformes'!E50 -> 17.136667 | J109: ='Anexo III-B Uniformes'!H80 -> 128.17917 | K109: ='Anexo III-B Uniformes'!H80 -> 128.17917 | L109: ='Anexo III-B Uniformes'!G144 -> 152.19667 | M109: ='Anexo III-B Uniformes'!H113 -> 154.27917
A110: B | B110: Materiais | J110: ='Anexo III-C Materiais'!F36 -> 1500
A111: C | B111: Equipamentos | H111: ='Anexo III-A Equip.'!F11 -> 179.63917 | I111: ='Anexo III-A Equip.'!G11 -> 0 | K111: ='Anexo III-A Equip.'!I11 -> 0 | L111: ='Anexo III-A Equip.'!J11 -> 0 | M111: ='Anexo III-A Equip.'!K11 -> 0
A112: D | B112: Outros
B113: Total de Insumos Diversos | D113: =SUM(D109:D112) -> 22.721667 | E113: =SUM(E109:E112) -> 17.136667 | F113: =SUM(F109:F112) -> 17.136667 | G113: =SUM(G109:G112) -> 17.136667 | H113: =SUM(H109:H112) -> 180.38583 | I113: =SUM(I109:I112) -> 17.136667 | J113: =SUM(J109:J112) -> 1628.1792 | K113: =SUM(K109:K112) -> 128.17917 | ... M113: =SUM(M109:M112) -> 154.27917
A115: MÓDULO 6: CUSTOS INDIRETOS, TRIBUTOS E LUCRO – (LUCRO PRESUMIDO) | D115: Guardião de Piscina | E115: Agente Educacional | F115: Mediador de Alunos | G115: Cuidador de Alunos | H115: Auxiliar de Mecânica | I115: Orientador Educacional | J115: Encarregado Geral | K115: Técnico em Manutenção | L115: Bombeiro Hidráulico | M115: Ajudante de Manutenção
...

Sheet Anexo IV B - Custo Total MDO
A1: (PLANILHA A SER FORNECIDA PELA PROPONENTE EM PAPEL TIMBRADO)
A2: EMPRESA (nome da empresa)
A3: CNPJ N.º : (n.º do CNPJ)
A4: ANEXO IV- B
A5: PLANILHA DE COMPOSIÇÃO DE CUSTOS E FORMAÇÃO DE PREÇOS (Anexo VII da I.N. da SLTI/MPOG n.º 5 de 26/Maio/2017
A6: Contratação de empresa para prestação de serviços continuados de Apoio Logístico, com regime de dedicação exclusiva de mão de obra, com fornecimento de materiais de reposição e atendimento da Universidade Federal Fluminense
A7: Processo 23069.182202/2024-57
A9: Custo total da contratação
A10: ITEM | B10: DISCRIMINAÇÃO DO POSTO | C10: POSTOS | D10: FUNCIONÁRIOS | E10: VALOR MENSAL POR POSTO | F10: TOTAL MENSAL | G10: TOTAL ANUAL | H10: TOTAL 24 MÊS
A11: 1 | B11: Almoxarife | C11: 11 | D11: =C11 -> 11 | E11: ='An IV A Custo G1'!D158 -> 6023.728 | F11: =E11*D11 -> 66261.008 | G11: =12*F11 -> 795132.09 | H11: =24*F11 -> 1590264.2
A12: 2 | B12: Líder de Almoxarife | C12: 1 | D12: =C12 -> 1 | E12: ='An IV A Custo G1'!E158 -> 6565.6985 | F12: =E12*D12 -> 6565.6985 | G12: =12*F12 -> 78788.381 | H12: =24*F12 -> 157576.76
A13: 3 | B13: Auxiliar de Almoxarife | C13: 19 | D13: =C13 -> 19 | E13: ='An IV A Custo G1'!F158 -> 4823.4746 | F13: =E13*D13 -> 91646.017 | G13: =12*F13 -> 1099752.2 | H13: =24*F13 -> 2199504.4
A14: 4 | B14: Líder de Aux. Almoxarife | C14: 1 | D14: =C14 -> 1 | E14: ='An IV A Custo G1'!G158 -> 5365.4451 | F14: =E14*D14 -> 5365.4451 | G14: =12*F14 -> 64385.341 | H14: =24*F14 -> 128770.68
A15: 5 | B15: Copeiro | C15: 2 | D15: =C15 -> 2 | E15: ='An IV A Custo G1'!H158 -> 4633.7723 | F15: =E15*D15 -> 9267.5445 | G15: =12*F15 -> 111210.53 | H15: =24*F15 -> 222421.07
A16: 6 | B16: Líder de Copeiro | C16: 1 | D16: =C16 -> 1 | E16: ='An IV A Custo G1'!I158 -> 6165.6881 | F16: =E16*D16 -> 6165.6881 | G16: =12*F16 -> 73988.257 | H16: =24*F16 -> 147976.51
A17: 7 | B17: Auxiliar de Escriturário | C17: 19 | D17: =C17 -> 19 | E17: ='An IV A Custo G1'!J158 -> 6046.34 | F17: =E17*D17 -> 114880.46 | G17: =12*F17 -> 1378565.5 | H17: =24*F17 -> 2757131
A18: 8 | B18: Guardião de Piscina | C18: 1 | D18: =C18 -> 1 | E18: ='An IV A Custo G2'!D161 -> 4569.6339 | F18: =E18*D18 -> 4569.6339 | G18: =12*F18 -> 54835.607 | H18: =24*F18 -> 109671.21
A19: 9 | B19: Agente Educacional | C19: 18 | D19: =C19 -> 18 | E19: ='An IV A Custo G2'!E161 -> 4562.4785 | F19: =E19*D19 -> 82124.613 | G19: =12*F19 -> 985495.36 | H19: =24*F19 -> 1970990.7
A20: 10 | B20: Mediador de Alunos | C20: 32 | D20: =C20 -> 32 | E20: ='An IV A Custo G2'!F161 -> 4562.4785 | F20: =E20*D20 -> 145999.31 | G20: =12*F20 -> 1751991.8 | H20: =24*F20 -> 3503983.5
A21: 11 | B21: Cuidador de Alunos | C21: 15 | D21: =C21 -> 15 | E21: ='An IV A Custo G2'!G161 -> 4562.4785 | F21: =E21*D21 -> 68437.178 | G21: =12*F21 -> 821246.13 | H21: =24*F21 -> 1642492.3
A22: 12 | B22: Auxiliar de Mecânica | C22: 1 | D22: =C22 -> 1 | E22: ='An IV A Custo G2'!H161 -> 4773.6287 | F22: =E22*D22 -> 4773.6287 | G22: =12*F22 -> 57283.544 | H22: =24*F22 -> 114567.09
A23: 13 | B23: Orientador Educacional | C23: 1 | D23: =C23 -> 1 | E23: ='An IV A Custo G2'!I161 -> 8627.735 | F23: =E23*D23 -> 8627.735 | G23: =12*F23 -> 103532.82 | H23: =24*F23 -> 207065.64
A24: 14 | B24: Encarregado Geral | C24: 1 | D24: =C24 -> 1 | E24: ='An IV A Custo G2'!J161 -> 11624.065 | F24: =E24*D24 -> 11624.065 | G24: =12*F24 -> 139488.78 | H24: =24*F24 -> 278977.57
A25: 15 | B25: Técnico em Manutenção | C25: 1 | D25: =C25 -> 1 | E25: ='An IV A Custo G2'!K161 -> 8023.3611 | F25: =E25*D25 -> 8023.3611 | G25: =12*F25 -> 96280.333 | H25: =24*F25 -> 192560.67
A26: 16 | B26: Bombeiro Hidráulico | C26: 1 | D26: =C26 -> 1 | E26: ='An IV A Custo G2'!L161 -> 6405.6191 | F26: =E26*D26 -> 6405.6191 | G26: =12*F26 -> 76867.429 | H26: =24*F26 -> 153734.86
A27: 17 | B27: Ajudante de Manutenção | C27: 1 | D27: =C27 -> 1 | E27: ='An IV A Custo G2'!M161 -> 4167.4856 | F27: =E27*D27 -> 4167.4856 | G27: =12*F27 -> 50009.828 | H27: =24*F27 -> 100019.66
A28: TOTAL | C28: =SUM(C11:C27) -> 126 | D28: =SUM(D11:D27) -> 126 | F28: =SUM(F11:F27) -> 644904.49 | G28: =12*F28 -> 7738853.9 | H28: =SUM(H11:H27) -> 15477708
